Workbook
Name _MailOriginal: 'EOB Pharmacy'!$K$39

Sheet Rules
A2: Rules:
A3: supportinginfo.sequence rule: client app implementations should look-up supportingInfo elements based on category values instead of sequence values.
A4: careTeam.sequence rule: careTeam.sequence values uniquely identify careTeam members. They do not necessarily indiate any order in which the patient was seen by the careTeam or identify any level of significance of the careTeam to the patient, etc. Client app implementations should not assign any significance to the sequence values.
A5: diagnosis.sequence rule: diagnosis.sequence values do not necessarily indiate any order in which the diagnosis was reported or identified. client app implementations should not assign any significance to the sequence values. client app implementations should use the values of diagnosis.type to identify primary, secondary, etc.
A6: procedure.sequence rule: procedure.sequence values do not necessarily indiate any order in which the procedure occurred. client app implementations should not assign any significance to the sequence values. client app implementations should use the values of procedure.type to identify primary and secondary procedures
A9: = tightening of the FHIR base model
A12: value sets owned by NUCC
A13: http://www.nucc.org/index.php/1500-claim-form-mainmenu-35/1500-instructions-mainmenu-42
A15: There are two paths to get to the Patient Resource and the data elements represented inside the Patient Resource
A16: EOB.patient(Patient)
A17: EOB.insurance.coverage(Coverage).beneficiary(Patient)
A19: For the use case returning Coverage data, there is an additional path through the Coverage Resource
... A28: CPCDS modified the concept of primary payer to other payer to accommodate situations when multiple prior payers are involved. Each amount paid by the other payer should be listed separately.

Sheet Data Element Index
A1: Map ID | B1: CMS Medicare BB 2.0 Element | C1: CARIN CPCDS Data Element Name | D1: CARIN CPCDS Description | E1: CARIN BB2.X FHIR Profile | F1: Date Harmonized | G1: FHIR Resource L0 | H1: FHIR Resource L1 Element | I1: FHIR Resource L2 Element | J1: FHIR Element Description or L3 | L4 | K1: FHIR REF / slice
A2: 1 | B2: BENE_ID | C2: Member id | D2: Unique identifier for a member assigned by the Payer. If members receive ID cards, that is the identifier that should be provided. | E2: Removed from the Coverage Profile | F2: 43740 | G2: =Coverage!$B$13 -> Coverage | H2: =Coverage!$C$13 -> beneficiary--> | J2: =Coverage!$J$13 -> Plan beneficiary | K2: =Coverage!$I$13 -> Reference(Patient).identifier
A3: 1 | B3: BENE_ID | C3: Member id | D3: Identifier for a member assigned by the Payer. If members receive ID cards, that is the identifier that should be provided. | E3: EOB Inpatient Institutional | F3: 43704 | G3: ='EOB Inpatient Institutional'!$B$15 -> ExplanationOfBenefit | H3: ='EOB Inpatient Institutional'!$C$15 -> patient--> | J3: ='EOB Inpatient Institutional'!$J$15 -> The recipient of the products and services | K3: ='EOB Inpatient Institutional'!$I$15 -> Reference(Patient)
A4: 1 | B4: BENE_ID | C4: Member id | D4: Identifier for a member assigned by the Payer. If members receive ID cards, that is the identifier that should be provided. | E4: EOB Outpatient Institutional | F4: 43704 | G4: ='EOB Outpatient Institutional'!$B$15 -> ExplanationOfBenefit | H4: ='EOB Outpatient Institutional'!$C$15 -> patient--> | J4: ='EOB Outpatient Institutional'!$J$15 -> The recipient of the products and services | K4: ='EOB Outpatient Institutional'!$I$15 -> Reference(Patient)
A5: 1 | B5: BENE_ID | C5: Member id | D5: Identifier for a member assigned by the Payer. If members receive ID cards, that is the identifier that should be provided. | E5: EOB Professional & Non-Clinician | F5: 43704 | G5: ='EOB Professional&Non-Clinician'!$B$15 -> ExplanationOfBenefit | H5: ='EOB Professional&Non-Clinician'!$C$15 -> patient--> | J5: ='EOB Professional&Non-Clinician'!$J$15 -> The recipient of the products and services | K5: ='EOB Professional&Non-Clinician'!$I$15 -> Reference(Patient)
A6: 1 | B6: BENE_ID | C6: Member id | D6: Identifier for a member assigned by the Payer. If members receive ID cards, that is the identifier that should be provided. | E6: EOB Pharmacy | F6: 43704 | G6: ='EOB Pharmacy'!$B$15 -> ExplanationOfBenefit | H6: ='EOB Pharmacy'!$C$15 -> patient--> | J6: ='EOB Pharmacy'!$J$15 -> The recipient of the products and services | K6: ='EOB Pharmacy'!$I$15 -> Reference(Patient)
A7: 1 | C7: Member id | D7: Identifier for a member assigned by the Payer. If members receive ID cards, that is the identifier that should be provided. | E7: EOB Oral | F7: added 1/4/2021 | G7: ='EOB Oral'!$B$15 -> ExplanationOfBenefit | H7: ='EOB Oral'!$C$15 -> patient--> | J7: ='EOB Oral'!$J$15 -> The recipient of the products and services | K7: ='EOB Oral'!$I$15 -> Reference(Patient)
A8: 2 | C8: Payer Identifier | D8: Issuer of the Policy | E8: Coverage | F8: 43647 | G8: =Coverage!$B$22 -> Coverage | H8: =Coverage!$C$22 -> payor--> | J8: =Coverage!$J$22 -> Issuer of the policy | K8: =Coverage!$I$22 -> Reference(Organization)
A9: 2 | C9: Claim payer Identifier | D9: Code of the payer responsible for the claim | E9: EOB Inpatient Institutional | F9: 43648 | G9: ='EOB Inpatient Institutional'!$B$19 -> ExplanationOfBenefit | H9: ='EOB Inpatient Institutional'!$C$19 -> insurer--> | J9: ='EOB Inpatient Institutional'!$J$19 -> Party responsible for reimbursement | K9: ='EOB Inpatient Institutional'!$I$19 -> Reference(Organization)
A10: 2 | C10: Claim payer Identifier | D10: Code of the payer responsible for the claim | E10: EOB Inpatient Institutional | F10: 43648 | G10: ='EOB Inpatient Institutional'!$B$287 -> ExplanationOfBenefit | H10: ='EOB Inpatient Institutional'!$C$287 -> insurance | J10: ='EOB Inpatient Institutional'!$J$287 -> Insurance information | K10: ='EOB Inpatient Institutional'!$I$287 -> Reference(Coverage)
A11: 2 | C11: Claim payer Identifier | D11: Code of the payer responsible for the claim | E11: EOB Outpatient Institutional | F11: 43648 | G11: ='EOB Outpatient Institutional'!$B$19 -> ExplanationOfBenefit | H11: ='EOB Outpatient Institutional'!$C$19 -> insurer--> | J11: ='EOB Outpatient Institutional'!$J$19 -> Party responsible for reimbursement | K11: ='EOB Outpatient Institutional'!$I$19 -> Reference(Organization)
A12: 2 | C12: Claim payer Identifier | D12: Code of the payer responsible for the claim | E12: EOB Outpatient Institutional | F12: 43648 | G12: ='EOB Outpatient Institutional'!$B$236 -> ExplanationOfBenefit | H12: ='EOB Outpatient Institutional'!$C$236 -> insurance | J12: ='EOB Outpatient Institutional'!$J$236 -> Insurance information | K12: ='EOB Outpatient Institutional'!$I$236 -> Reference(Coverage)
A13: 2 | C13: Claim payer Identifier | D13: Code of the payer responsible for the claim | E13: EOB Professional & Non-Clinician | F13: 43648 | G13: ='EOB Professional&Non-Clinician'!$B$19 -> ExplanationOfBenefit | H13: ='EOB Professional&Non-Clinician'!$C$19 -> insurer--> | J13: ='EOB Professional&Non-Clinician'!$J$19 -> Party responsible for reimbursement | K13: ='EOB Professional&Non-Clinician'!$I$19 -> Reference(Organization)
A14: 2 | C14: Claim payer Identifier | D14: Code of the payer responsible for the claim | E14: EOB Professional & Non-Clinician | F14: 43648 | G14: ='EOB Professional&Non-Clinician'!$B$190 -> ExplanationOfBenefit | H14: ='EOB Professional&Non-Clinician'!$C$190 -> insurance | J14: ='EOB Professional&Non-Clinician'!$J$190 -> Insurance information | K14: ='EOB Professional&Non-Clinician'!$I$190 -> Reference(Coverage)
A15: 2 | C15: Claim payer Identifier | D15: Code of the payer responsible for the claim | E15: EOB Pharmacy | F15: 43648 | G15: ='EOB Pharmacy'!$B$19 -> ExplanationOfBenefit | H15: ='EOB Pharmacy'!$C$19 -> insurer--> | J15: ='EOB Pharmacy'!$J$19 -> Party responsible for reimbursement | K15: ='EOB Pharmacy'!$I$19 -> Reference(Organization)
A16: 2 | C16: Claim payer Identifier | D16: Code of the payer responsible for the claim | E16: EOB Pharmacy | F16: 43648 | G16: ='EOB Pharmacy'!$B$236 -> ExplanationOfBenefit | H16: ='EOB Pharmacy'!$C$236 -> insurance | J16: ='EOB Pharmacy'!$J$236 -> Insurance information | K16: ='EOB Pharmacy'!$I$236 -> Reference(Coverage)
A17: 2 | C17: Claim payer Identifier | D17: Code of the payer responsible for the claim | E17: EOB Oral | F17: added 1/4/2021 | G17: ='EOB Oral'!$B$19 -> ExplanationOfBenefit | H17: ='EOB Oral'!$C$19 -> insurer--> | J17: ='EOB Oral'!$J$19 -> Party responsible for reimbursement | K17: ='EOB Oral'!$I$19 -> Reference(Organization)
A18: 2 | C18: Claim payer Identifier | D18: Code of the payer responsible for the claim | E18: EOB Oral | F18: added 1/4/2021 | G18: ='EOB Oral'!$B$258 -> ExplanationOfBenefit | H18: ='EOB Oral'!$C$258 -> insurance | J18: ='EOB Oral'!$J$258 -> Insurance information | K18: ='EOB Oral'!$I$258 -> Reference(Coverage)
A19: 3 | C19: Coverage type | D19: Identifies if the coverage is PPO, HMO, POS, etc. | E19: Coverage | F19: 43739 | G19: =Coverage!$B$9 -> Coverage | H19: =Coverage!$C$9 -> type | J19: =Coverage!$J$9 -> Coverage Type and Self-Pay Codes (Preferred)
A20: 6 | C20: Diagnosis code - ICD-9 admitting | D20: ICD-9-CM code describing the condition chiefly responsible for a patient's admission to a facility. It may be different from the principal diagnosis, which is the diagnosis assigned after evaluation. (UB04 Form Locator 69). Decimals will be included. | E20: EOB Inpatient Institutional | F20: 43665 | G20: ='EOB Inpatient Institutional'!$B$264 -> ExplanationOfBenefit | H20: ='EOB Inpatient Institutional'!$C$264 -> diagnosis | J20: ='EOB Inpatient Institutional'!$J$264 -> Nature of illness or problem
A21: 6 | C21: Diagnosis code - ICD-9 admitting | D21: ICD-9-CM code describing the condition chiefly responsible for a patient's admission to a facility. It may be different from the principal diagnosis, which is the diagnosis assigned after evaluation. (UB04 Form Locator 69). Decimals will be included. | E21: EOB Outpatient Institutional | F21: 43665 | G21: ='EOB Outpatient Institutional'!$B$213 -> ExplanationOfBenefit | H21: ='EOB Outpatient Institutional'!$C$213 -> diagnosis | J21: ='EOB Outpatient Institutional'!$J$213 -> Nature of illness or problem
A22: 7 | B22: PRNCPAL_DGNS_CD | C22: Diagnosis code - ICD-9 principal | D22: The member's principal condition treated during this service. (UB04 Form Locator 67). This may or may not be different from the admitting diagnosis. Decimals will be included. | E22: EOB Inpatient Institutional | F22: 43665 | G22: ='EOB Inpatient Institutional'!$B$264 -> ExplanationOfBenefit | H22: ='EOB Inpatient Institutional'!$C$264 -> diagnosis | J22: ='EOB Inpatient Institutional'!$J$264 -> Nature of illness or problem
A23: 7 | B23: PRNCPAL_DGNS_CD | C23: Diagnosis code - ICD-9 principal | D23: The member's principal condition treated during this service. (UB04 Form Locator 67). This may or may not be different from the admitting diagnosis. Decimals will be included. | E23: EOB Outpatient Institutional | F23: 43665 | G23: ='EOB Outpatient Institutional'!$B$213 -> ExplanationOfBenefit | H23: ='EOB Outpatient Institutional'!$C$213 -> diagnosis | J23: ='EOB Outpatient Institutional'!$J$213 -> Nature of illness or problem
A24: 7 | B24: PRNCPAL_DGNS_CD | C24: Diagnosis code - ICD-9 principal | D24: The member's principal condition treated during this service. | E24: EOB Professional & Non-Clinician | F24: 43665 | G24: ='EOB Professional&Non-Clinician'!$B$167 -> ExplanationOfBenefit | H24: ='EOB Professional&Non-Clinician'!$C$167 -> diagnosis | J24: ='EOB Professional&Non-Clinician'!$J$167 -> Nature of illness or problem
A25: 7 | C25: Diagnosis code - ICD-9 principal | D25: The member's principal condition treated during this service. | E25: EOB Oral | F25: added 1/4/2021 | G25: ='EOB Oral'!$B$235 -> ExplanationOfBenefit | H25: ='EOB Oral'!$C$235 -> diagnosis | J25: ='EOB Oral'!$J$235 -> Nature of illness or problem
A26: 8 | B26: ICD_DGNS_CD(1-25) | C26: Diagnosis code - ICD-9 secondary | D26: Additional diagnosis identified for this member. Decimals will be included. | E26: EOB Inpatient Institutional | F26: 43665 | G26: ='EOB Inpatient Institutional'!$B$264 -> ExplanationOfBenefit | H26: ='EOB Inpatient Institutional'!$C$264 -> diagnosis | J26: ='EOB Inpatient Institutional'!$J$264 -> Nature of illness or problem
A27: 8 | B27: ICD_DGNS_CD(1-25) | C27: Diagnosis code - ICD-9 secondary | D27: Additional diagnosis identified for this member. Decimals will be included. | E27: EOB Outpatient Institutional | F27: 43665 | G27: ='EOB Outpatient Institutional'!$B$213 -> ExplanationOfBenefit | H27: ='EOB Outpatient Institutional'!$C$213 -> diagnosis | J27: ='EOB Outpatient Institutional'!$J$213 -> Nature of illness or problem
A28: 8 | B28: ICD_DGNS_CD(1-25) | C28: Diagnosis code - ICD-9 secondary | D28: Additional diagnosis identified for this member. Decimals will be included. | E28: EOB Professional & Non-Clinician | F28: 43665 | G28: ='EOB Professional&Non-Clinician'!$B$167 -> ExplanationOfBenefit | H28: ='EOB Professional&Non-Clinician'!$C$167 -> diagnosis | J28: ='EOB Professional&Non-Clinician'!$J$167 -> Nature of illness or problem
A29: 8 | D29: Additional diagnosis identified for this member. Decimals will be included. | E29: EOB Oral | F29: added 1/4/2021 | G29: ='EOB Oral'!$B$235 -> ExplanationOfBenefit | H29: ='EOB Oral'!$C$235 -> diagnosis | J29: ='EOB Oral'!$J$235 -> Nature of illness or problem
A30: 9 | C30: Procedure Code - ICD-9 PCS principal | D30: Principal medical procedure a patient received during inpatient stay. Current coding methods include: International Classification of Diseases Surgical Procedures (ICD-9). Information located on UB04 (Form Locator 74). | E30: EOB Inpatient Institutional | F30: 43665 | G30: ='EOB Inpatient Institutional'!$B$278 -> ExplanationOfBenefit | H30: ='EOB Inpatient Institutional'!$C$278 -> procedure | J30: ='EOB Inpatient Institutional'!$J$278 -> Specific clinical procedure
A31: 10 | C31: Procedure Date - ICD-9 principal | D31: Date of Procedure. Information located on UB04 (Form Locator 74). | E31: EOB Inpatient Institutional | F31: 43665 | G31: ='EOB Inpatient Institutional'!$B$277 -> ExplanationOfBenefit | H31: ='EOB Inpatient Institutional'!$C$277 -> procedure | J31: ='EOB Inpatient Institutional'!$J$277 -> When the procedure was performed
A32: 11 | C32: Procedure Code - ICD-9 secondary | D32: Additional surgical procedure surgical (ICD-9) administered during inpatient stay. | E32: EOB Inpatient Institutional | F32: 43665 | G32: ='EOB Inpatient Institutional'!$B$278 -> ExplanationOfBenefit | H32: ='EOB Inpatient Institutional'!$C$278 -> procedure | J32: ='EOB Inpatient Institutional'!$J$278 -> Specific clinical procedure
A33: 12 | C33: Procedure Date - ICD-9 secondary | D33: Date of Procedure. (UB04 Form Locator 74). | E33: EOB Inpatient Institutional | F33: 43665 | G33: ='EOB Inpatient Institutional'!$B$277 -> ExplanationOfBenefit | H33: ='EOB Inpatient Institutional'!$C$277 -> procedure | J33: ='EOB Inpatient Institutional'!$J$277 -> When the procedure was performed
A34: 13 | B34: CLM_SRC_IP_ADMSN_CD | C34: Claim Point of Origin for Admission or Visit | D34: Identifies the place where the patient was identified as needing admission to a facility. This is a two position code mapped from the standard values for the UB-04 Source of Admission code (FL-15). | E34: EOB Inpatient Institutional | F34: 43644 | G34: ='EOB Inpatient Institutional'!$B$147 -> ExplanationOfBenefit | H34: ='EOB Inpatient Institutional'!$C$147 -> supportingInfo | I34: ='EOB Inpatient Institutional'!$D$147 -> code | J34: ='EOB Inpatient Institutional'!$J$147 -> Type of information | K34: ='EOB Inpatient Institutional'!$A$147 -> pointoforigin
A35: 13 | B35: CLM_SRC_IP_ADMSN_CD | C35: Claim Point of Origin for Admission or Visit | D35: Identifies the place where the patient was identified as needing admission to a facility. This is a two position code mapped from the standard values for the UB-04 Source of Admission code (FL-15). | E35: EOB Outpatient Institutional | F35: 43644 | G35: ='EOB Outpatient Institutional'!$B$113 -> ExplanationOfBenefit | H35: ='EOB Outpatient Institutional'!$C$113 -> supportingInfo | I35: ='EOB Outpatient Institutional'!$D$113 -> code | J35: ='EOB Outpatient Institutional'!$J$113 -> Type of information | K35: ='EOB Outpatient Institutional'!$A$113 -> pointoforigin
A36: 14 | B36: CLM_IP_ADMSN_TYPE_CD | C36: Claim Priority (Type) of Admission or Visit | D36: Priority of the admission. Information located on (UB04 Form Locator 14). For example, an admission type of elective indicates that the patient's condition permitted time for medical services to be scheduled. | E36: EOB Inpatient Institutional | F36: 43644 | G36: ='EOB Inpatient Institutional'!$B$164 -> ExplanationOfBenefit | H36: ='EOB Inpatient Institutional'!$C$164 -> supportingInfo | I36: ='EOB Inpatient Institutional'!$D$164 -> code | J36: ='EOB Inpatient Institutional'!$J$164 -> Type of information | K36: ='EOB Inpatient Institutional'!$A$164 -> admtype
A37: 14 | B37: CLM_IP_ADMSN_TYPE_CD | C37: Claim Priority (Type) of Admission or Visit | D37: Priority of the admission. Information located on (UB04 Form Locator 14). For example, an admission type of elective indicates that the patient's condition permitted time for medical services to be scheduled. | E37: EOB Outpatient Institutional | F37: 43644 | G37: ='EOB Outpatient Institutional'!$B$130 -> ExplanationOfBenefit | H37: ='EOB Outpatient Institutional'!$C$130 -> supportingInfo | I37: ='EOB Outpatient Institutional'!$D$130 -> code | J37: ='EOB Outpatient Institutional'!$J$130 -> Type of information | K37: ='EOB Outpatient Institutional'!$A$130 -> admtype
A38: 15 | B38: NCH_NEAR_LINE_REC_IDENT_CD | C38: Claim sub type | D38: High-level categorization of the claim. | E38: EOB Inpatient Institutional | F38: Re-added Feb 2021 | G38: ='EOB Inpatient Institutional'!$B$11 -> ExplanationOfBenefit | H38: ='EOB Inpatient Institutional'!$C$11 -> subtype | J38: ='EOB Inpatient Institutional'!$J$11 -> More granular claim type
A39: 15 | B39: NCH_NEAR_LINE_REC_IDENT_CD | C39: Claim sub type | D39: High-level categorization of the claim. | E39: EOBOutpatient Institutional | F39: Re-added Feb 2021 | G39: ='EOB Outpatient Institutional'!$B$11 -> ExplanationOfBenefit | H39: ='EOB Outpatient Institutional'!$C$11 -> subtype | J39: ='EOB Outpatient Institutional'!$J$11 -> More granular claim type
A40: 15 | B40: NCH_NEAR_LINE_REC_IDENT_CD | C40: Claim sub type | D40: High-level categorization of the claim. | E40: Removed from scope | F40: Removed from scope | G40: ='EOB Professional&Non-Clinician'!$B$11 -> ExplanationOfBenefit | H40: ='EOB Professional&Non-Clinician'!$C$11 -> subtype | J40: ='EOB Outpatient Institutional'!$J$11 -> More granular claim type
A41: 15 | B41: NCH_NEAR_LINE_REC_IDENT_CD | C41: Claim sub type | D41: High-level categorization of the claim. | E41: Removed from scope | F41: Removed from scope | G41: ='EOB Pharmacy'!$B$11 -> ExplanationOfBenefit | H41: ='EOB Pharmacy'!$C$11 -> subtype | J41: ='EOB Pharmacy'!$J$11 -> More granular claim type
A42: 16 | B42: NCH_CLM_TYPE_CD | C42: Claim type | D42: Specifies the type of claim. (e.g., inpatient insitutional, outpatient institutional, physician, etc.). | E42: EOB Inpatient Institutional | F42: 43647 | G42: ='EOB Inpatient Institutional'!$B$9 -> ExplanationOfBenefit | H42: ='EOB Inpatient Institutional'!$C$9 -> type | J42: ='EOB Inpatient Institutional'!$J$9 -> Category or discipline
A43: 16 | B43: NCH_CLM_TYPE_CD | C43: Claim type | D43: Specifies the type of claim. (e.g., inpatient insitutional, outpatient institutional, physician, etc.). | E43: EOB Outpatient Institutional | F43: 43647 | G43: ='EOB Outpatient Institutional'!$B$9 -> ExplanationOfBenefit | H43: ='EOB Outpatient Institutional'!$C$9 -> type | J43: ='EOB Outpatient Institutional'!$J$9 -> Category or discipline
A44: 16 | B44: NCH_CLM_TYPE_CD | C44: Claim type | D44: Specifies the type of claim. (e.g., inpatient insitutional, outpatient institutional, physician, etc.). | E44: EOB Professional & Non-Clinician | F44: 43647 | G44: ='EOB Professional&Non-Clinician'!$B$9 -> ExplanationOfBenefit | H44: ='EOB Professional&Non-Clinician'!$C$9 -> type | J44: ='EOB Outpatient Institutional'!$J$9 -> Category or discipline
A45: 16 | B45: NCH_CLM_TYPE_CD | C45: Claim type | D45: Specifies the type of claim. (e.g., inpatient insitutional, outpatient institutional, physician, etc.). | E45: EOB Pharmacy | F45: 43647 | G45: ='EOB Pharmacy'!$B$9 -> ExplanationOfBenefit | H45: ='EOB Pharmacy'!$C$9 -> type | J45: ='EOB Pharmacy'!$J$9 -> Category or discipline
A46: 16 | C46: Claim type | D46: Specifies the type of claim. (e.g., inpatient insitutional, outpatient institutional, physician, etc.). | E46: EOB Oral | F46: added 1/4/2021 | G46: ='EOB Oral'!$B$9 -> ExplanationOfBenefit | H46: ='EOB Oral'!$C$9 -> type | J46: ='EOB Oral'!$J$9 -> Category or discipline
A47: 17 | B47: CLM_FAC_TYPE_CD CLM_SRVC_CLSFCTN_TYPE_CD CLM_FREQ_CD | C47: Claim Type of Bill Code | D47: UB04 (Form Locator 4) Type of Bill code provides specific information for payer purposes. The first digit of the three-digit number denotes the type of facility, the second digit classifies the type of care being billed, and the third digit identifies the frequency of the bill for a specific course of treatment or inpatient confinement. | E47: EOB Inpatient Institutional | F47: Nov, 2019 | G47: ='EOB Inpatient Institutional'!$B$130 -> ExplanationOfBenefit | H47: ='EOB Inpatient Institutional'!$C$130 -> supportingInfo | I47: ='EOB Inpatient Institutional'!$D$130 -> code | J47: ='EOB Inpatient Institutional'!$J$130 -> Type of information | K47: ='EOB Inpatient Institutional'!$A$130 -> typeofbill
A48: 17 | B48: CLM_FAC_TYPE_CD CLM_SRVC_CLSFCTN_TYPE_CD CLM_FREQ_CD | C48: Claim Type of Bill Code | D48: UB04 (Form Locator 4) Type of Bill code provides specific information for payer purposes. The first digit of the three-digit number denotes the type of facility, the second digit classifies the type of care being billed, and the third digit identifies the frequency of the bill for a specific course of treatment or inpatient confinement. | E48: EOB Outpatient Institutional | F48: Nov, 2019 | G48: ='EOB Outpatient Institutional'!$B$96 -> ExplanationOfBenefit | H48: ='EOB Outpatient Institutional'!$C$96 -> supportingInfo | I48: ='EOB Outpatient Institutional'!$D$96 -> code | J48: ='EOB Outpatient Institutional'!$J$96 -> Type of information | K48: ='EOB Outpatient Institutional'!$A$96 -> typeofbill
A49: 18 | B49: CLM_ADMSN_DT | C49: Member admission date | D49: The date corresponding with admission of the beneficiary to a facility and the onset of services. May precede the Statement From Date if this claim is for a beneficiary who has been continuously under care. | E49: EOB Inpatient Institutional | F49: 43644 | G49: ='EOB Inpatient Institutional'!$B$100 -> ExplanationOfBenefit | H49: ='EOB Inpatient Institutional'!$C$100 -> supportingInfo | I49: ='EOB Inpatient Institutional'!$N$100 | K49: ='EOB Inpatient Institutional'!$A$100 -> admissionperiod
A50: 19 | B50: NCH_BENE_DSCHRG_DT | C50: Member discharge date | D50: Date the beneficiary was discharged from the facility, or died. Matches the final Statement Thru Date. When there is a discharge date, the Patient Discharge Status Code indicates the final disposition of the patient after discharge. | E50: EOB Inpatient Institutional | F50: 43644 | G50: ='EOB Inpatient Institutional'!$B$100 -> ExplanationOfBenefit | H50: ='EOB Inpatient Institutional'!$C$100 -> supportingInfo | I50: ='EOB Inpatient Institutional'!$N$100 | K50: ='EOB Inpatient Institutional'!$A$100 -> admissionperiod
A51: 20 | B51: CLM_TOT_CHRG_AMT | C51: Claim total submitted amount | D51: Amount submitted by the provider for reimbursement of health care services. This amount includes non-covered services. | E51: EOB Inpatient Institutional | F51: 43672 | G51: ='EOB Inpatient Institutional'!$B$447 -> ExplanationOfBenefit | H51: ='EOB Inpatient Institutional'!$C$447 -> adjudication | I51: ='EOB Inpatient Institutional'!$D$447 -> amount | J51: ='EOB Inpatient Institutional'!$J$447 -> Monetary amount | K51: ='EOB Inpatient Institutional'!$A$447 -> adjudicationamounttype
A52: 20 | B52: LINE_SBMTD_CHRG_AMT | C52: Line submitted amount | D52: Amount submitted by the provider for reimbursement of health care services. This amount includes non-covered services. | E52: EOB Inpatient Institutional | F52: 43672 | G52: ='EOB Inpatient Institutional'!$B$337 -> ExplanationOfBenefit | H52: ='EOB Inpatient Institutional'!$C$337 -> item | I52: ='EOB Inpatient Institutional'!$D$337 -> adjudication | J52: ='EOB Inpatient Institutional'!$E$337 -> amount | K52: ='EOB Inpatient Institutional'!$A$337 -> adjudicationamounttype
A53: 20 | B53: CLM_TOT_CHRG_AMT | C53: Claim total submitted amount | D53: Amount submitted by the provider for reimbursement of health care services. This amount includes non-covered services. | E53: EOB Outpatient Institutional | F53: 43672 | G53: ='EOB Outpatient Institutional'!$B$396 -> ExplanationOfBenefit | H53: ='EOB Outpatient Institutional'!$C$396 -> adjudication | I53: ='EOB Outpatient Institutional'!$D$396 -> amount | J53: ='EOB Outpatient Institutional'!$J$396 -> Monetary amount | K53: ='EOB Outpatient Institutional'!$A$396 -> adjudicationamounttype
A54: 20 | B54: LINE_SBMTD_CHRG_AMT | C54: Line submitted amount | D54: Amount submitted by the provider for reimbursement of health care services. This amount includes non-covered services. | E54: EOB Outpatient Institutional | F54: 43672 | G54: ='EOB Outpatient Institutional'!$B$286 -> ExplanationOfBenefit | H54: ='EOB Outpatient Institutional'!$C$286 -> item | I54: ='EOB Outpatient Institutional'!$D$286 -> adjudication | J54: ='EOB Outpatient Institutional'!$E$286 -> amount | K54: ='EOB Outpatient Institutional'!$A$286 -> adjudicationamounttype
A55: 20 | B55: LINE_SBMTD_CHRG_AMT | C55: Line submitted amount | D55: Amount submitted by the provider for reimbursement of health care services. This amount includes non-covered services. | E55: EOB Professional & Non-Clinician | F55: 43672 | G55: ='EOB Professional&Non-Clinician'!$B$239 -> ExplanationOfBenefit | H55: ='EOB Professional&Non-Clinician'!$C$239 -> item | I55: ='EOB Professional&Non-Clinician'!$D$239 -> adjudication | J55: ='EOB Professional&Non-Clinician'!$E$239 -> amount | K55: ='EOB Professional&Non-Clinician'!$A$239 -> adjudicationamounttype
A56: 20 | B56: LINE_SBMTD_CHRG_AMT | C56: Line submitted amount | D56: Represents the Usual & Customary Charge Amount or the Average Wholesale Price (AWP) for the Quantity Dispensed plus the Dispensing Fee Paid. | E56: EOB Pharmacy | F56: 43672 | G56: ='EOB Pharmacy'!$B$286 -> ExplanationOfBenefit | H56: ='EOB Pharmacy'!$C$286 -> item | I56: ='EOB Pharmacy'!$D$286 -> adjudication | J56: ='EOB Pharmacy'!$E$286 -> amount | K56: ='EOB Pharmacy'!$A$286 -> adjudicationamounttype
A57: 20 | C57: Line submitted amount | D57: Amount submitted by the provider for reimbursement of health care services. This amount includes non-covered services. | E57: EOB Oral | F57: added 1/4/2021 | G57: ='EOB Oral'!$B$307 -> ExplanationOfBenefit | H57: ='EOB Oral'!$C$307 -> item | I57: ='EOB Oral'!$D$307 -> adjudication | J57: ='EOB Oral'!$E$307 -> amount | K57: ='EOB Oral'!$A$307 -> adjudicationamounttype
A58: 20 | B58: NCH_CARR_CLM_ALOWD_AMT | C58: Claim total eligible amount | D58: The contracted reimbursable amount for covered medical services or supplies or amount reflecting local methodology for noncontracted providers. The eligible amount is synonymous with the allowed amount. The eligible amount should not include any COB adjustment. That is, the eligible amount on a claim should be the same when the Plan is primary or secondary. | E58: EOB Inpatient Institutional | F58: 43672 | G58: ='EOB Inpatient Institutional'!$B$447 -> ExplanationOfBenefit | H58: ='EOB Inpatient Institutional'!$C$447 -> adjudication | I58: ='EOB Inpatient Institutional'!$D$447 -> amount | J58: ='EOB Inpatient Institutional'!$J$447 -> Monetary amount | K58: ='EOB Inpatient Institutional'!$A$447 -> adjudicationamounttype
A59: 20 | B59: LINE_ALOWD_CHRG_AMT | C59: Line eligible amount | D59: The contracted reimbursable amount for covered medical services or supplies or amount reflecting local methodology for noncontracted providers. The eligible amount is synonymous with the allowed amount. The eligible amount should not include any COB adjustment. That is, the eligible amount on a claim should be the same when the Plan is primary or secondary. | E59: EOB Inpatient Institutional | F59: 43672 | G59: ='EOB Inpatient Institutional'!$B$337 -> ExplanationOfBenefit | H59: ='EOB Inpatient Institutional'!$C$337 -> item | I59: ='EOB Inpatient Institutional'!$D$337 -> adjudication | J59: ='EOB Inpatient Institutional'!$E$337 -> amount | K59: ='EOB Inpatient Institutional'!$A$337 -> adjudicationamounttype
A60: 20 | B60: NCH_CARR_CLM_ALOWD_AMT | C60: Claim total eligible amount | D60: The contracted reimbursable amount for covered medical services or supplies or amount reflecting local methodology for noncontracted providers. The eligible amount is synonymous with the allowed amount. The eligible amount should not include any COB adjustment. That is, the eligible amount on a claim should be the same when the Plan is primary or secondary. | E60: EOB Outpatient Institutional | F60: 43672 | G60: ='EOB Outpatient Institutional'!$B$396 -> ExplanationOfBenefit | H60: ='EOB Outpatient Institutional'!$C$396 -> adjudication | I60: ='EOB Outpatient Institutional'!$D$396 -> amount | J60: ='EOB Outpatient Institutional'!$J$396 -> Monetary amount | K60: ='EOB Outpatient Institutional'!$A$396 -> adjudicationamounttype
A61: 20 | B61: LINE_ALOWD_CHRG_AMT | C61: Line eligible amount | D61: The contracted reimbursable amount for covered medical services or supplies or amount reflecting local methodology for noncontracted providers. The eligible amount is synonymous with the allowed amount. The eligible amount should not include any COB adjustment. That is, the eligible amount on a claim should be the same when the Plan is primary or secondary. | E61: EOB Outpatient Institutional | F61: 43672 | G61: ='EOB Outpatient Institutional'!$B$286 -> ExplanationOfBenefit | H61: ='EOB Outpatient Institutional'!$C$286 -> item | I61: ='EOB Outpatient Institutional'!$D$286 -> adjudication | J61: ='EOB Outpatient Institutional'!$E$286 -> amount | K61: ='EOB Outpatient Institutional'!$A$286 -> adjudicationamounttype
A62: 20 | B62: LINE_ALOWD_CHRG_AMT | C62: Line eligible amount | D62: The contracted reimbursable amount for covered medical services or supplies or amount reflecting local methodology for noncontracted providers. The eligible amount is synonymous with the allowed amount. The eligible amount should not include any COB adjustment. That is, the eligible amount on a claim should be the same when the Plan is primary or secondary. | E62: EOB Professional & Non-Clinician | F62: 43672 | G62: ='EOB Professional&Non-Clinician'!$B$239 -> ExplanationOfBenefit | H62: ='EOB Professional&Non-Clinician'!$C$239 -> item | I62: ='EOB Professional&Non-Clinician'!$D$239 -> adjudication | J62: ='EOB Professional&Non-Clinician'!$E$239 -> amount | K62: ='EOB Professional&Non-Clinician'!$A$239 -> adjudicationamounttype
A63: 20 | B63: LINE_ALOWD_CHRG_AMT | C63: Line eligible amount | D63: The contracted reimbursable amount for covered medical services or supplies or amount reflecting local methodology for noncontracted providers. The eligible amount is synonymous with the allowed amount. The eligible amount should not include any COB adjustment. That is, the eligible amount on a claim should be the same when the Plan is primary or secondary. | E63: EOB Pharmacy | F63: 43672 | G63: ='EOB Pharmacy'!$B$286 -> ExplanationOfBenefit | H63: ='EOB Pharmacy'!$C$286 -> item | I63: ='EOB Pharmacy'!$D$286 -> adjudication | J63: ='EOB Pharmacy'!$E$286 -> amount | K63: ='EOB Pharmacy'!$A$286 -> adjudicationamounttype
A64: 20 | C64: Line eligible amount | D64: The contracted reimbursable amount for covered medical services or supplies or amount reflecting local methodology for noncontracted providers. The eligible amount is synonymous with the allowed amount. The eligible amount should not include any COB adjustment. That is, the eligible amount on a claim should be the same when the Plan is primary or secondary. | E64: EOB Oral | F64: added 1/4/2021 | G64: ='EOB Oral'!$B$307 -> ExplanationOfBenefit | H64: ='EOB Oral'!$C$307 -> item | I64: ='EOB Oral'!$D$307 -> adjudication | J64: ='EOB Oral'!$E$307 -> amount | K64: ='EOB Oral'!$A$307 -> adjudicationamounttype
A65: 20 | C65: Member paid deductible | D65: The portion of this service that the member must pay which is applied to the total period deductible. Deductibles are usually applied over a specific time period, such as per calendar year, per benefit period | E65: EOB Inpatient Institutional | F65: 43672 | G65: ='EOB Inpatient Institutional'!$B$447 -> ExplanationOfBenefit | H65: ='EOB Inpatient Institutional'!$C$447 -> adjudication | I65: ='EOB Inpatient Institutional'!$D$447 -> amount | J65: ='EOB Inpatient Institutional'!$J$447 -> Monetary amount | K65: ='EOB Inpatient Institutional'!$A$447 -> adjudicationamounttype
A66: 20 | B66: LINE_BENE_PTB_DDCTBL_AMT | C66: Line patient deductible | D66: The portion of this service that the member must pay which is applied to the total period deductible. Deductibles are usually applied over a specific time period, such as per calendar year, per benefit period | E66: EOB Inpatient Institutional | F66: 43672 | G66: ='EOB Inpatient Institutional'!$B$337 -> ExplanationOfBenefit | H66: ='EOB Inpatient Institutional'!$C$337 -> item | I66: ='EOB Inpatient Institutional'!$D$337 -> adjudication | J66: ='EOB Inpatient Institutional'!$E$337 -> amount | K66: ='EOB Inpatient Institutional'!$A$337 -> adjudicationamounttype
A67: 20 | C67: Member paid deductible | D67: The portion of this service that the member must pay which is applied to the total period deductible. Deductibles are usually applied over a specific time period, such as per calendar year, per benefit period | E67: EOB Outpatient Institutional | F67: 43672 | G67: ='EOB Outpatient Institutional'!$B$396 -> ExplanationOfBenefit | H67: ='EOB Outpatient Institutional'!$C$396 -> adjudication | I67: ='EOB Outpatient Institutional'!$D$396 -> amount | J67: ='EOB Outpatient Institutional'!$J$396 -> Monetary amount | K67: ='EOB Outpatient Institutional'!$A$396 -> adjudicationamounttype
A68: 20 | B68: LINE_BENE_PTB_DDCTBL_AMT | C68: Line patient deductible | D68: The portion of this service that the member must pay which is applied to the total period deductible. Deductibles are usually applied over a specific time period, such as per calendar year, per benefit period | E68: EOB Outpatient Institutional | F68: 43672 | G68: ='EOB Outpatient Institutional'!$B$286 -> ExplanationOfBenefit | H68: ='EOB Outpatient Institutional'!$C$286 -> item | I68: ='EOB Outpatient Institutional'!$D$286 -> adjudication | J68: ='EOB Outpatient Institutional'!$E$286 -> amount | K68: ='EOB Outpatient Institutional'!$A$286 -> adjudicationamounttype
A69: 20 | B69: LINE_BENE_PTB_DDCTBL_AMT | C69: Line patient deductible | D69: The portion of this service that the member must pay which is applied to the total period deductible. Deductibles are usually applied over a specific time period, such as per calendar year, per benefit period | E69: EOB Professional & Non-Clinician | F69: 43672 | G69: ='EOB Professional&Non-Clinician'!$B$239 -> ExplanationOfBenefit | H69: ='EOB Professional&Non-Clinician'!$C$239 -> item | I69: ='EOB Professional&Non-Clinician'!$D$239 -> adjudication | J69: ='EOB Professional&Non-Clinician'!$E$239 -> amount | K69: ='EOB Professional&Non-Clinician'!$A$239 -> adjudicationamounttype
A70: 20 | B70: LINE_BENE_PTB_DDCTBL_AMT | C70: Line patient deductible | D70: The portion of this service that the member must pay which is applied to the total period deductible. Deductibles are usually applied over a specific time period, such as per calendar year, per benefit period | E70: EOB Pharmacy | F70: 43672 | G70: ='EOB Pharmacy'!$B$286 -> ExplanationOfBenefit | H70: ='EOB Pharmacy'!$C$286 -> item | I70: ='EOB Pharmacy'!$D$286 -> adjudication | J70: ='EOB Pharmacy'!$E$286 -> amount | K70: ='EOB Pharmacy'!$A$286 -> adjudicationamounttype
A71: 20 | C71: Line patient deductible | D71: The portion of this service that the member must pay which is applied to the total period deductible. Deductibles are usually applied over a specific time period, such as per calendar year, per benefit period | E71: EOB Oral | F71: added 1/4/2021 | G71: ='EOB Oral'!$B$307 -> ExplanationOfBenefit | H71: ='EOB Oral'!$C$307 -> item | I71: ='EOB Oral'!$D$307 -> adjudication | J71: ='EOB Oral'!$E$307 -> amount | K71: ='EOB Oral'!$A$307 -> adjudicationamounttype
A72: 20 | B72: NCH_BENE_PTA_COINSRNC_LBLTY_AMT | C72: Co-insurance liability amount | D72: The amount the insured individual pays, as a set percentage of the cost of covered medical services, as an out-of-pocket payment to the provider. Example: Insured pays 20% and the insurer pays 80%. | E72: EOB Inpatient Institutional | F72: 43672 | G72: ='EOB Inpatient Institutional'!$B$447 -> ExplanationOfBenefit | H72: ='EOB Inpatient Institutional'!$C$447 -> adjudication | I72: ='EOB Inpatient Institutional'!$D$447 -> amount | J72: ='EOB Inpatient Institutional'!$J$447 -> Monetary amount | K72: ='EOB Inpatient Institutional'!$A$447 -> adjudicationamounttype
A73: 20 | B73: LINE_COINSRNC_AMT | C73: Line coinsurance amount | D73: The amount the insured individual pays, as a set percentage of the cost of covered medical services, as an out-of-pocket payment to the provider. Example: Insured pays 20% and the insurer pays 80%. | E73: EOB Inpatient Institutional | F73: 43672 | G73: ='EOB Inpatient Institutional'!$B$337 -> ExplanationOfBenefit | H73: ='EOB Inpatient Institutional'!$C$337 -> item | I73: ='EOB Inpatient Institutional'!$D$337 -> adjudication | J73: ='EOB Inpatient Institutional'!$E$337 -> amount | K73: ='EOB Inpatient Institutional'!$A$337 -> adjudicationamounttype
A74: 20 | B74: NCH_BENE_PTA_COINSRNC_LBLTY_AMT | C74: Co-insurance liability amount | D74: The amount the insured individual pays, as a set percentage of the cost of covered medical services, as an out-of-pocket payment to the provider. Example: Insured pays 20% and the insurer pays 80%. | E74: EOB Outpatient Institutional | F74: 43672 | G74: ='EOB Outpatient Institutional'!$B$396 -> ExplanationOfBenefit | H74: ='EOB Outpatient Institutional'!$C$396 -> adjudication | I74: ='EOB Outpatient Institutional'!$D$396 -> amount | J74: ='EOB Outpatient Institutional'!$J$396 -> Monetary amount | K74: ='EOB Outpatient Institutional'!$A$396 -> adjudicationamounttype
A75: 20 | B75: LINE_COINSRNC_AMT | C75: Line coinsurance amount | D75: The amount the insured individual pays, as a set percentage of the cost of covered medical services, as an out-of-pocket payment to the provider. Example: Insured pays 20% and the insurer pays 80%. | E75: EOB Outpatient Institutional | F75: 43672 | G75: ='EOB Outpatient Institutional'!$B$286 -> ExplanationOfBenefit | H75: ='EOB Outpatient Institutional'!$C$286 -> item | I75: ='EOB Outpatient Institutional'!$D$286 -> adjudication | J75: ='EOB Outpatient Institutional'!$E$286 -> amount | K75: ='EOB Outpatient Institutional'!$A$286 -> adjudicationamounttype
A76: 20 | B76: LINE_COINSRNC_AMT | C76: Line coinsurance amount | D76: The amount the insured individual pays, as a set percentage of the cost of covered medical services, as an out-of-pocket payment to the provider. Example: Insured pays 20% and the insurer pays 80%. | E76: EOB Professional & Non-Clinician | F76: 43672 | G76: ='EOB Professional&Non-Clinician'!$B$239 -> ExplanationOfBenefit | H76: ='EOB Professional&Non-Clinician'!$C$239 -> item | I76: ='EOB Professional&Non-Clinician'!$D$239 -> adjudication | J76: ='EOB Professional&Non-Clinician'!$E$239 -> amount | K76: ='EOB Professional&Non-Clinician'!$A$239 -> adjudicationamounttype
A77: 20 | B77: LINE_COINSRNC_AMT | C77: Line coinsurance amount | D77: Amount to be collected from a patient that is included in the Patient Pay Amount that is due to a per prescription copay or coinsurance. | E77: EOB Pharmacy | F77: 43672 | G77: ='EOB Pharmacy'!$B$286 -> ExplanationOfBenefit | H77: ='EOB Pharmacy'!$C$286 -> item | I77: ='EOB Pharmacy'!$D$286 -> adjudication | J77: ='EOB Pharmacy'!$E$286 -> amount | K77: ='EOB Pharmacy'!$A$286 -> adjudicationamounttype
A78: 20 | C78: Line coinsurance amount | D78: The amount the insured individual pays, as a set percentage of the cost of covered medical services, as an out-of-pocket payment to the provider. Example: Insured pays 20% and the insurer pays 80%. | E78: EOB Oral | F78: added 1/4/2021 | G78: ='EOB Oral'!$B$307 -> ExplanationOfBenefit | H78: ='EOB Oral'!$C$307 -> item | I78: ='EOB Oral'!$D$307 -> adjudication | J78: ='EOB Oral'!$E$307 -> amount | K78: ='EOB Oral'!$A$307 -> adjudicationamounttype
A79: 20 | C79: Copay amount | D79: Amount an insured individual pays directly to a provider at the time the services or supplies are rendered. Usually, a copay will be a fixed amount per service, such as $15.00 per office visit. | E79: EOB Inpatient Institutional | F79: 43672 | G79: ='EOB Inpatient Institutional'!$B$447 -> ExplanationOfBenefit | H79: ='EOB Inpatient Institutional'!$C$447 -> adjudication | I79: ='EOB Inpatient Institutional'!$D$447 -> amount | J79: ='EOB Inpatient Institutional'!$J$447 -> Monetary amount | K79: ='EOB Inpatient Institutional'!$A$447 -> adjudicationamounttype
A80: 20 | C80: Line copay amount | D80: Amount an insured individual pays directly to a provider at the time the services or supplies are rendered. Usually, a copay will be a fixed amount per service, such as $15.00 per office visit. | E80: EOB Inpatient Institutional | F80: 43672 | G80: ='EOB Inpatient Institutional'!$B$337 -> ExplanationOfBenefit | H80: ='EOB Inpatient Institutional'!$C$337 -> item | I80: ='EOB Inpatient Institutional'!$D$337 -> adjudication | J80: ='EOB Inpatient Institutional'!$E$337 -> amount | K80: ='EOB Inpatient Institutional'!$A$337 -> adjudicationamounttype
A81: 20 | C81: Copay amount | D81: Amount an insured individual pays directly to a provider at the time the services or supplies are rendered. Usually, a copay will be a fixed amount per service, such as $15.00 per office visit. | E81: EOB Outpatient Institutional | F81: 43672 | G81: ='EOB Outpatient Institutional'!$B$396 -> ExplanationOfBenefit | H81: ='EOB Outpatient Institutional'!$C$396 -> adjudication | I81: ='EOB Outpatient Institutional'!$D$396 -> amount | J81: ='EOB Outpatient Institutional'!$J$396 -> Monetary amount | K81: ='EOB Outpatient Institutional'!$A$396 -> adjudicationamounttype
A82: 20 | C82: Line copay amount | D82: Amount an insured individual pays directly to a provider at the time the services or supplies are rendered. Usually, a copay will be a fixed amount per service, such as $15.00 per office visit. | E82: EOB Outpatient Institutional | F82: 43672 | G82: ='EOB Outpatient Institutional'!$B$286 -> ExplanationOfBenefit | H82: ='EOB Outpatient Institutional'!$C$286 -> item | I82: ='EOB Outpatient Institutional'!$D$286 -> adjudication | J82: ='EOB Outpatient Institutional'!$E$286 -> amount | K82: ='EOB Outpatient Institutional'!$A$286 -> adjudicationamounttype
A83: 20 | C83: Line copay amount | D83: Amount an insured individual pays directly to a provider at the time the services or supplies are rendered. Usually, a copay will be a fixed amount per service, such as $15.00 per office visit. | E83: EOB Professional & Non-Clinician | F83: 43672 | G83: ='EOB Professional&Non-Clinician'!$B$239 -> ExplanationOfBenefit | H83: ='EOB Professional&Non-Clinician'!$C$239 -> item | I83: ='EOB Professional&Non-Clinician'!$D$239 -> adjudication | J83: ='EOB Professional&Non-Clinician'!$E$239 -> amount | K83: ='EOB Professional&Non-Clinician'!$A$239 -> adjudicationamounttype
A84: 20 | C84: Line copay amount | D84: Amount to be collected from a patient that is included in the Patient Pay Amount that is due to a per prescription copay or coinsurance. | E84: EOB Pharmacy | F84: 43672 | G84: ='EOB Pharmacy'!$B$286 -> ExplanationOfBenefit | H84: ='EOB Pharmacy'!$C$286 -> item | I84: ='EOB Pharmacy'!$D$286 -> adjudication | J84: ='EOB Pharmacy'!$E$286 -> amount | K84: ='EOB Pharmacy'!$A$286 -> adjudicationamounttype
A85: 20 | C85: Line copay amount | D85: Amount an insured individual pays directly to a provider at the time the services or supplies are rendered. Usually, a copay will be a fixed amount per service, such as $15.00 per office visit. | E85: EOB Oral | F85: added 1/4/2021 | G85: ='EOB Oral'!$B$307 -> ExplanationOfBenefit | H85: ='EOB Oral'!$C$307 -> item | I85: ='EOB Oral'!$D$307 -> adjudication | J85: ='EOB Oral'!$E$307 -> amount | K85: ='EOB Oral'!$A$307 -> adjudicationamounttype
A86: 20 | B86: NCH_IP_NCVRD_CHRG_AMT | C86: Claim noncovered amount | D86: The portion of the cost of this service that was deemed not eligible by the insurer because the service or member was not covered by the subscriber contract. | E86: EOB Inpatient Institutional | F86: 43672 | G86: ='EOB Inpatient Institutional'!$B$447 -> ExplanationOfBenefit | H86: ='EOB Inpatient Institutional'!$C$447 -> adjudication | I86: ='EOB Inpatient Institutional'!$D$447 -> amount | J86: ='EOB Inpatient Institutional'!$J$447 -> Monetary amount | K86: ='EOB Inpatient Institutional'!$A$447 -> adjudicationamounttype
A87: 20 | B87: REV_CNTR_NCVRD_CHRG_AMT | C87: Line noncovered amount | D87: The portion of the cost of this service that was deemed not eligible by the insurer because the service or member was not covered by the subscriber contract. | E87: EOB Inpatient Institutional | F87: 43672 | G87: ='EOB Inpatient Institutional'!$B$337 -> ExplanationOfBenefit | H87: ='EOB Inpatient Institutional'!$C$337 -> item | I87: ='EOB Inpatient Institutional'!$D$337 -> adjudication | J87: ='EOB Inpatient Institutional'!$E$337 -> amount | K87: ='EOB Inpatient Institutional'!$A$337 -> adjudicationamounttype
A88: 20 | B88: NCH_IP_NCVRD_CHRG_AMT | C88: Claim noncovered amount | D88: The portion of the cost of this service that was deemed not eligible by the insurer because the service or member was not covered by the subscriber contract. | E88: EOB Outpatient Institutional | F88: 43672 | G88: ='EOB Outpatient Institutional'!$B$396 -> ExplanationOfBenefit | H88: ='EOB Outpatient Institutional'!$C$396 -> adjudication | I88: ='EOB Outpatient Institutional'!$D$396 -> amount | J88: ='EOB Outpatient Institutional'!$J$396 -> Monetary amount | K88: ='EOB Outpatient Institutional'!$A$396 -> adjudicationamounttype
A89: 20 | B89: REV_CNTR_NCVRD_CHRG_AMT | C89: Line noncovered amount | D89: The portion of the cost of this service that was deemed not eligible by the insurer because the service or member was not covered by the subscriber contract. | E89: EOB Outpatient Institutional | F89: 43672 | G89: ='EOB Outpatient Institutional'!$B$286 -> ExplanationOfBenefit | H89: ='EOB Outpatient Institutional'!$C$286 -> item | I89: ='EOB Outpatient Institutional'!$D$286 -> adjudication | J89: ='EOB Outpatient Institutional'!$E$286 -> amount | K89: ='EOB Outpatient Institutional'!$A$286 -> adjudicationamounttype
A90: 20 | B90: REV_CNTR_NCVRD_CHRG_AMT | C90: Line noncovered amount | D90: The portion of the cost of this service that was deemed not eligible by the insurer because the service or member was not covered by the subscriber contract. | E90: EOB Professional & Non-Clinician | F90: 43672 | G90: ='EOB Professional&Non-Clinician'!$B$239 -> ExplanationOfBenefit | H90: ='EOB Professional&Non-Clinician'!$C$239 -> item | I90: ='EOB Professional&Non-Clinician'!$D$239 -> adjudication | J90: ='EOB Professional&Non-Clinician'!$E$239 -> amount | K90: ='EOB Professional&Non-Clinician'!$A$239 -> adjudicationamounttype
A91: 20 | B91: REV_CNTR_NCVRD_CHRG_AMT | C91: Line noncovered amount | D91: Non-Covered Amount represents the NCPDP financial response field Amount Exceeding Periodic Benefit Maximum. | E91: EOB Pharmacy | F91: 43672 | G91: ='EOB Pharmacy'!$B$286 -> ExplanationOfBenefit | H91: ='EOB Pharmacy'!$C$286 -> item | I91: ='EOB Pharmacy'!$D$286 -> adjudication | J91: ='EOB Pharmacy'!$E$286 -> amount | K91: ='EOB Pharmacy'!$A$286 -> adjudicationamounttype
A92: 20 | C92: Line noncovered amount | D92: The portion of the cost of this service that was deemed not eligible by the insurer because the service or member was not covered by the subscriber contract. | E92: EOB Oral | F92: added 1/4/2021 | G92: ='EOB Oral'!$B$307 -> ExplanationOfBenefit | H92: ='EOB Oral'!$C$307 -> item | I92: ='EOB Oral'!$D$307 -> adjudication | J92: ='EOB Oral'!$E$307 -> amount | K92: ='EOB Oral'!$A$307 -> adjudicationamounttype
A93: 20 | B93: NCH_PRMRY_PYR_CLM_PD_AMT | C93: Claim other payer paid amount | D93: The reduction in the payment amount to reflect the current carrier as a secondary, tertiary, etc, payer. May be multiple occurrences if the current carrier is a teritary, etc. carrier. | E93: EOB Inpatient Institutional | F93: 43672 | G93: ='EOB Inpatient Institutional'!$B$447 -> ExplanationOfBenefit | H93: ='EOB Inpatient Institutional'!$C$447 -> adjudication | I93: ='EOB Inpatient Institutional'!$D$447 -> amount | J93: ='EOB Inpatient Institutional'!$J$447 -> Monetary amount | K93: ='EOB Inpatient Institutional'!$A$447 -> adjudicationamounttype
A94: 20 | B94: LINE_BENE_PRMRY_PYR_PD_AMT | C94: Line other payer paid amount | D94: The reduction in the payment amount to reflect the current carrier as a secondary, tertiary, etc, payer. May be multiple occurrences if the current carrier is a teritary, etc. carrier. | E94: EOB Inpatient Institutional | F94: 43672 | G94: ='EOB Inpatient Institutional'!$B$337 -> ExplanationOfBenefit | H94: ='EOB Inpatient Institutional'!$C$337 -> item | I94: ='EOB Inpatient Institutional'!$D$337 -> adjudication | J94: ='EOB Inpatient Institutional'!$E$337 -> amount | K94: ='EOB Inpatient Institutional'!$A$337 -> adjudicationamounttype
A95: 20 | B95: NCH_PRMRY_PYR_CLM_PD_AMT | C95: Claim other payer paid amount | D95: The reduction in the payment amount to reflect the current carrier as a secondary, tertiary, etc, payer. May be multiple occurrences if the current carrier is a teritary, etc. carrier. | E95: EOB Outpatient Institutional | F95: 43672 | G95: ='EOB Outpatient Institutional'!$B$396 -> ExplanationOfBenefit | H95: ='EOB Outpatient Institutional'!$C$396 -> adjudication | I95: ='EOB Outpatient Institutional'!$D$396 -> amount | J95: ='EOB Outpatient Institutional'!$J$396 -> Monetary amount | K95: ='EOB Outpatient Institutional'!$A$396 -> adjudicationamounttype
A96: 20 | B96: LINE_BENE_PRMRY_PYR_PD_AMT | C96: Line other payer paid amount | D96: The reduction in the payment amount to reflect the current carrier as a secondary, tertiary, etc, payer. May be multiple occurrences if the current carrier is a teritary, etc. carrier. | E96: EOB Outpatient Institutional | F96: 43672 | G96: ='EOB Outpatient Institutional'!$B$286 -> ExplanationOfBenefit | H96: ='EOB Outpatient Institutional'!$C$286 -> item | I96: ='EOB Outpatient Institutional'!$D$286 -> adjudication | J96: ='EOB Outpatient Institutional'!$E$286 -> amount | K96: ='EOB Outpatient Institutional'!$A$286 -> adjudicationamounttype
A97: 20 | B97: LINE_BENE_PRMRY_PYR_PD_AMT | C97: Line other payer paid amount | D97: The reduction in the payment amount to reflect the current carrier as a secondary, tertiary, etc, payer. May be multiple occurrences if the current carrier is a teritary, etc. carrier. | E97: EOB Professional & Non-Clinician | F97: 43672 | G97: ='EOB Professional&Non-Clinician'!$B$239 -> ExplanationOfBenefit | H97: ='EOB Professional&Non-Clinician'!$C$239 -> item | I97: ='EOB Professional&Non-Clinician'!$D$239 -> adjudication | J97: ='EOB Professional&Non-Clinician'!$E$239 -> amount | K97: ='EOB Professional&Non-Clinician'!$A$239 -> adjudicationamounttype
A98: 20 | B98: LINE_BENE_PRMRY_PYR_PD_AMT | C98: Line other payer paid amount | D98: The reduction in the payment amount to reflect the current carrier as a secondary, tertiary, etc, payer. May be multiple occurrences if the current carrier is a teritary, etc. carrier. | E98: EOB Pharmacy | F98: 43672 | G98: ='EOB Pharmacy'!$B$286 -> ExplanationOfBenefit | H98: ='EOB Pharmacy'!$C$286 -> item | I98: ='EOB Pharmacy'!$D$286 -> adjudication | J98: ='EOB Pharmacy'!$E$286 -> amount | K98: ='EOB Pharmacy'!$A$286 -> adjudicationamounttype
A99: 20 | C99: Line other payer paid amount | D99: The reduction in the payment amount to reflect the current carrier as a secondary, tertiary, etc, payer. May be multiple occurrences if the current carrier is a teritary, etc. carrier. | E99: EOB Oral | F99: added 1/4/2021 | G99: ='EOB Oral'!$B$307 -> ExplanationOfBenefit | H99: ='EOB Oral'!$C$307 -> item | I99: ='EOB Oral'!$D$307 -> adjudication | J99: ='EOB Oral'!$E$307 -> amount | K99: ='EOB Oral'!$A$307 -> adjudicationamounttype
A100: 20 | B100: CLM_PMT_AMT | C100: Claim payment amount | D100: The amount sent to the payee from the health plan. This amount is to exclude any member cost sharing. It should include the total of member and provider payments. | E100: EOB Inpatient Institutional | F100: 43672 | G100: ='EOB Inpatient Institutional'!$B$447 -> ExplanationOfBenefit | H100: ='EOB Inpatient Institutional'!$C$447 -> adjudication | I100: ='EOB Inpatient Institutional'!$D$447 -> amount | J100: ='EOB Inpatient Institutional'!$J$447 -> Monetary amount | K100: ='EOB Inpatient Institutional'!$A$447 -> adjudicationamounttype
...

Sheet Coverage
A1: Slice | B1: L0 | C1: L1 | D1: L2 | E1: L3 | F1: L4 | G1: Flag | H1: Cardinality | I1: DataType / Value Set | J1: Description | K1: CPCDS MapID | L1: CPCDS Data Element Name | M1: Cardinality / DataType | N1: Value Set Comments | O1: Working Note
B2: Coverage | G2: TU | I2: DomainResource | J2: Insurance or medical plan or a payment agreement
B3: Coverage | J3: Elements defined in Ancestors: id, meta, implicitRules, language, text, contained, extension, modifierExtension
B4: Coverage | C4: extension | D4: medicalCOB | H4: 1..* | I4: CodeableConcept | J4: Indicates whether the Plan’s responsibility for this member's coverage is primary or secondary. | M4: [1..1] CHAR(1)
B5: Coverage | C5: identifier | G5: Σ | H5: 0..* | I5: Identifier | J5: Business Identifier for the coverage
B6: Coverage | C6: status | G6: ?!Σ | H6: 1..1 | I6: code | J6: active | cancelled | draft | entered-in-error | K6: 133 | L6: ='Data Element Index'!$C$315 -> Coverage status | N6: default: active
B7: Coverage | C7: status | J7: Financial Resource Status Codes (Required) | K7: 133
B8: Coverage | C8: type | G8: Σ | H8: 0..1 | I8: CodeableConcept | J8: Coverage category such as medical or accident | K8: ='Data Element Index'!$A$19 -> 3 | L8: ='Data Element Index'!$C$19 -> Coverage type | M8: [1..*]
B9: Coverage | C9: type | J9: Coverage Type and Self-Pay Codes (Preferred) | K9: ='Data Element Index'!$A$19 -> 3 | L9: ='Data Element Index'!$C$19 -> Coverage type
B10: Coverage | C10: policyHolder | G10: Σ | H10: 0..1 | I10: Reference(Patient | RelatedPerson | Organization) | J10: Owner of the policy
B11: Coverage | C11: subscriber | G11: Σ | H11: 0..1 | I11: Reference(Patient | RelatedPerson) | J11: Subscriber to the policy
B12: Coverage | C12: subscriberId | G12: Σ | H12: 1..1 | I12: string | J12: ID assigned to the subscriber | K12: 132 | L12: ='Data Element Index'!$C$314 -> Subscriber id
B13: Coverage | C13: beneficiary--> | G13: Σ | H13: 1..1 | I13: Reference(Patient).identifier | J13: Plan beneficiary | K13: Ref (1) | L13: ='Data Element Index'!$C$2 -> Member id | O13: alternate path: EOB.patient(Patient).identifier
B14: Coverage | C14: beneficiary--> | G14: Σ | H14: 1..1 | I14: Reference(Patient) | J14: Plan beneficiary | K14: Ref (70) | L14: ='Data Element Index'!$C$199 -> Date of birth | M14: =Patient!$M$24 -> [1..1] (TS8)
B15: Coverage | C15: beneficiary--> | G15: Σ | H15: 1..1 | I15: Reference(Patient) | J15: Plan beneficiary | K15: Ref (124) | L15: ='Data Element Index'!$C$306 -> Date of death | M15: =Patient!$M$27 -> [1..1] (TS8)
B16: Coverage | C16: beneficiary--> | G16: Σ | H16: 1..1 | I16: Reference(Patient) | J16: Plan beneficiary | K16: Ref (150) | L16: ='Data Element Index'!$C$346 -> Deceased | M16: =Patient!$M$26 -> BOOLEAN
B17: Coverage | C17: beneficiary--> | G17: Σ | H17: 1..1 | I17: Reference(Patient) | J17: Plan beneficiary | K17: Ref (71) | L17: ='Data Element Index'!$C$200 -> Gender code | M17: =Patient!$M$22 -> [1..1] (CD-CHAR(1))
B18: Coverage | C18: dependent | G18: Σ | H18: 0..1 | I18: string | J18: Dependent number
B19: Coverage | C19: relationship | H19: 0..1 | I19: CodeableConcept | J19: Beneficiary relationship to the subscriber | K19: 72 | L19: ='Data Element Index'!$C$201 -> Relationship to subscriber | M19: [1..1] (CD-CHAR(2)) | N19: coding.system = http://terminology.hl7.org/CodeSystem/subscriber-relationship coding.code = the code value
B20: Coverage | C20: relationship | J20: SubscriberPolicyholder Relationship Codes (Extensible) | K20: 72 | L20: ='Data Element Index'!$C$201 -> Relationship to subscriber | M20: [1..1] (CD-CHAR(2)) | N20: http://www.hl7.org/fhir/valueset-subscriber-relationship.html
B21: Coverage | C21: period | G21: Σ | H21: 0..1 | I21: Period | J21: Coverage start and end dates | K21: 74, 75 | L21: Start Date, End Date
B22: Coverage | C22: payor--> | G22: Σ | H22: 1..1 | I22: Reference(Organization) | J22: Issuer of the policy | K22: Ref (2) | L22: Claim Payer Identifier
A23: plan | B23: Coverage | C23: class | H23: 0..* | I23: BackboneElement | J23: Additional coverage classifications
A24: plan | B24: Coverage | C24: class | D24: type | G24: Σ | H24: 1..1 | I24: CodeableConcept | J24: Type of class such as 'group' or 'plan'
A25: plan | B25: Coverage | C25: class | D25: type | J25: Coverage Class Codes (Extensible)
A26: plan | B26: Coverage | C26: class | D26: value | G26: Σ | H26: 1..1 | I26: string | J26: Value associated with the type | K26: 154 | L26: ='Data Element Index'!$C$350 -> Plan Identifier
A27: plan | B27: Coverage | C27: class | D27: name | G27: Σ | H27: 0..1 | I27: string | J27: Human readable description of the type and value | K27: 155 | L27: ='Data Element Index'!$C$351 -> Plan Name
A28: group | B28: Coverage | C28: class | H28: 0..* | I28: BackboneElement | J28: Additional coverage classifications
A29: group | B29: Coverage | C29: class | D29: type | G29: Σ | H29: 1..1 | I29: CodeableConcept | J29: Type of class such as 'group' or 'plan'
A30: group | B30: Coverage | C30: class | D30: type | J30: Coverage Class Codes (Extensible)
A31: group | B31: Coverage | C31: class | D31: value | G31: Σ | H31: 1..1 | I31: string | J31: Value associated with the type | K31: 134 | L31: ='Data Element Index'!$C$316 -> Group id
A32: group | B32: Coverage | C32: class | D32: name | G32: Σ | H32: 0..1 | I32: string | J32: Human readable description of the type and value | K32: 135 | L32: ='Data Element Index'!$C$317 -> Group name
B33: Coverage | C33: order | G33: Σ | H33: 0..1 | I33: positiveInt | J33: Relative order of the coverage | M33: [1..1] NUMERIC(1)
B34: Coverage | C34: network | G34: Σ | H34: 0..1 | I34: string | J34: Insurer network
B35: Coverage | C35: costToBeneficiary | H35: 0..* | I35: BackboneElement | J35: Patient payments for services/products
B36: Coverage | C36: costToBeneficiary | D36: type | G36: Σ | H36: 0..1 | I36: CodeableConcept | J36: Cost category
B37: Coverage | C37: costToBeneficiary | D37: type | J37: Coverage Copay Type Codes (Extensible)
B38: Coverage | C38: costToBeneficiary | D38: value | G38: Σ | H38: 1..1 | J38: The amount or percentage due from the beneficiary
B39: Coverage | C39: costToBeneficiary | D39: value | E39: valueQuantity | I39: SimpleQuantity
B40: Coverage | C40: costToBeneficiary | D40: value | E40: valueMoney | I40: Money
B41: Coverage | C41: costToBeneficiary | D41: exception | H41: 0..* | I41: BackboneElement | J41: Exceptions for patient payments
B42: Coverage | C42: costToBeneficiary | D42: exception | E42: type | G42: Σ | H42: 1..1 | I42: CodeableConcept | J42: Exception category
B43: Coverage | C43: costToBeneficiary | D43: exception | E43: type | J43: Example Coverage Financial Exception Codes (Example)
B44: Coverage | C44: costToBeneficiary | D44: exception | E44: period | G44: Σ | H44: 0..1 | I44: Period | J44: The effective period of the exception
B45: Coverage | C45: subrogation | H45: 0..1 | I45: boolean | J45: Reimbursement to insurer
B46: Coverage | C46: contract | H46: 0..* | I46: Reference(Contract) | J46: Contract details
B47: Resource | C47: id | G47: Σ | H47: 0..1 | I47: id | J47: Logical id of this artifact
B48: Resource | C48: meta | D48: lastUpdated | H48: 0..1 | I48: instant | J48: When the resource version last changed | K48: ='Data Element Index'!$A$358 -> 163 | L48: ='Data Element Index'!$C$358 -> Coverage Last Updated Date | N48: meta.lastUpdated | O48: populate with data as of period.start or Service (from) date
B49: Resource | C49: meta | D49: profile | H49: 0..1 | I49: canonical(StructureDefinition) | J49: Profiles this resource claims to conform to | K49: ='Data Element Index'!$A$446 -> 190 | L49: ='Data Element Index'!$C$446 -> Coverage Profile
B50: Resource | C50: implicitRules | H50: 0..1 | I50: url | J50: A set of rules under which this content was created
B51: Resource | C51: language | G51: Σ | H51: 0..1 | I51: code | J51: Language of the resource content

Sheet EOB Base
A1: Slice | B1: L0 | C1: L1 | D1: L2 | E1: L3 | F1: L4 | G1: Flag | H1: Cardinality | I1: DataType / Value Set | J1: Description
B2: ExplanationOfBenefit | G2: TU | I2: DomainResource | J2: Explanation of Benefit resource
B3: ExplanationOfBenefit | J3: Elements defined in Ancestors: id, meta, implicitRules, language, text, contained, extension, modifierExtension
B4: ExplanationOfBenefit | C4: identifier | H4: 1..* | I4: Identifier | J4: Business Identifier for the resource
B5: ExplanationOfBenefit | C5: status | G5: ?!Σ | H5: 1..1 | I5: code | J5: active | cancelled | draft | entered-in-error
B6: ExplanationOfBenefit | C6: status | J6: ExplanationOfBenefitStatus (Required)
B7: ExplanationOfBenefit | C7: type | G7: Σ | H7: 1..1 | I7: CodeableConcept | J7: Category or discipline
B8: ExplanationOfBenefit | C8: type | J8: Claim Type Codes (Extensible)
B9: ExplanationOfBenefit | C9: subtype | H9: 0..1 | I9: CodeableConcept | J9: More granular claim type
B10: ExplanationOfBenefit | C10: subtype | J10: Example Claim SubType Codes (Example)
B11: ExplanationOfBenefit | C11: use | G11: Σ | H11: 1..1 | I11: code | J11: claim | preauthorization | predetermination
B12: ExplanationOfBenefit | C12: use | J12: Use (Required)
B13: ExplanationOfBenefit | C13: patient--> | G13: Σ | H13: 1..1 | I13: Reference(Patient) | J13: The recipient of the products and services
B14: ExplanationOfBenefit | C14: billablePeriod | G14: Σ | H14: 0..1 | I14: Period | J14: Relevant time frame for the claim
B15: ExplanationOfBenefit | C15: created | G15: Σ | H15: 1..1 | I15: dateTime | J15: Response creation date
B16: ExplanationOfBenefit | C16: enterer--> | H16: 0..1 | I16: Reference(Practitioner | PractitionerRole) | J16: Author of the claim
B17: ExplanationOfBenefit | C17: insurer--> | G17: Σ | H17: 1..1 | I17: Reference(Organization) | J17: Party responsible for reimbursement
B18: ExplanationOfBenefit | C18: provider--> | G18: Σ | H18: 1..1 | I18: Reference(PractionerRole) | J18: Party responsible for the claim
B19: ExplanationOfBenefit | C19: priority | H19: 0..1 | I19: CodeableConcept | J19: Desired processing urgency
B20: ExplanationOfBenefit | C20: priority | J20: ProcessPriority
B21: ExplanationOfBenefit | C21: fundsReservedRequested | H21: 0..1 | I21: CodeableConcept | J21: For whom to reserve funds
B22: ExplanationOfBenefit | C22: fundsReservedRequested | J22: FundsReserve (Example)
B23: ExplanationOfBenefit | C23: fundsReserve | H23: 0..1 | I23: CodeableConcept | J23: Funds reserved status
B24: ExplanationOfBenefit | C24: fundsReserve | J24: FundsReserve (Example)
B25: ExplanationOfBenefit | C25: related | H25: 0..* | I25: BackboneElement | J25: Prior or corollary claims
B26: ExplanationOfBenefit | C26: related | D26: claim--> | H26: 0..1 | I26: Reference(Claim) | J26: Reference to the related claim
B27: ExplanationOfBenefit | C27: related | D27: relationship | H27: 1..1 | I27: CodeableConcept | J27: How the reference claim is related
B28: ExplanationOfBenefit | C28: related | D28: relationship | J28: Example Related Claim Relationship Codes (Example)
B29: ExplanationOfBenefit | C29: related | D29: reference | H29: 1..1 | I29: Identifier | J29: File or case reference
B30: ExplanationOfBenefit | C30: prescription--> | H30: 0..1 | I30: Reference(MedicationRequest| VisionPrescription) | J30: Prescription authorizing services or products
B31: ExplanationOfBenefit | C31: originalPrescription--> | H31: 0..1 | I31: Reference(MedicationRequest) | J31: Original prescription if superceded by fulfiller
B32: ExplanationOfBenefit | C32: payee | H32: 0..1 | I32: BackboneElement | J32: Recipient of benefits payable
B33: ExplanationOfBenefit | C33: payee | D33: type | H33: 0..1 | I33: CodeableConcept | J33: Category of recipient
B34: ExplanationOfBenefit | C34: payee | D34: type | J34: PayeeType (Example)
B35: ExplanationOfBenefit | C35: payee | D35: party--> | H35: 0..1 | I35: Reference(Practitioner | PractitionerRole | Organization | Patient | RelatedPerson) | J35: Recipient reference
B36: ExplanationOfBenefit | C36: referral--> | H36: 0..1 | I36: Reference(ServiceRequest) | J36: Treatment Referral
B37: ExplanationOfBenefit | C37: facility--> | H37: 0..1 | I37: Reference(Location) | J37: Servicing Facility
B38: ExplanationOfBenefit | C38: claim--> | H38: 0..1 | I38: Reference(Claim) | J38: Claim reference
B39: ExplanationOfBenefit | C39: claimResponse--> | H39: 0..1 | I39: Reference(ClaimResponse) | J39: Claim response reference
B40: ExplanationOfBenefit | C40: outcome | G40: Σ | H40: 1..1 | I40: code | J40: queued | complete | error | partial
B41: ExplanationOfBenefit | C41: outcome | J41: Claim Processing Codes (Required)
B42: ExplanationOfBenefit | C42: disposition | H42: 0..1 | I42: string | J42: Disposition Message
B43: ExplanationOfBenefit | C43: preAuthRef | H43: 0..* | I43: string | J43: Preauthorization reference
B44: ExplanationOfBenefit | C44: preAuthRefPeriod | H44: 0..* | I44: Period | J44: Preauthorization in-effect period
B45: ExplanationOfBenefit | C45: careTeam | H45: 0..* | I45: BackboneElement | J45: Care Team members
B46: ExplanationOfBenefit | C46: careTeam | D46: sequence | H46: 1..1 | I46: positiveInt | J46: Order of care team
B47: ExplanationOfBenefit | C47: careTeam | D47: provider--> | H47: 1..1 | I47: Reference(Practitioner | PractitionerRole | Organization) | J47: Practitioner or organization
B48: ExplanationOfBenefit | C48: careTeam | D48: responsible | H48: 0..1 | I48: boolean | J48: Indicator of the lead practitioner
B49: ExplanationOfBenefit | C49: careTeam | D49: role | H49: 0..1 | I49: CodeableConcept | J49: Function within the team
B50: ExplanationOfBenefit | C50: careTeam | D50: role | J50: Claim Care Team Role Codes (Example)
B51: ExplanationOfBenefit | C51: careTeam | D51: qualification | H51: 0..1 | I51: CodeableConcept | J51: Practitioner credential or specialization
B52: ExplanationOfBenefit | C52: careTeam | D52: qualification | J52: Example Provider Qualification Codes (Example)
B53: ExplanationOfBenefit | C53: supportingInfo | H53: 1..* | I53: BackboneElement | J53: Supporting information
B54: ExplanationOfBenefit | C54: supportingInfo | D54: sequence | H54: 1..1 | I54: positiveInt | J54: Information instance identifier
B55: ExplanationOfBenefit | C55: supportingInfo | D55: category | H55: 1..1 | I55: CodeableConcept | J55: Classification of the supplied information
B56: ExplanationOfBenefit | C56: supportingInfo | D56: category | J56: Claim Information Category Codes (Example)
B57: ExplanationOfBenefit | C57: supportingInfo | D57: code | H57: 0..1 | I57: CodeableConcept | J57: Type of information
B58: ExplanationOfBenefit | C58: supportingInfo | D58: code | J58: Exception Codes (Example)
B59: ExplanationOfBenefit | C59: supportingInfo | D59: timing | H59: 0..1 | J59: When it occurred
B60: ExplanationOfBenefit | C60: supportingInfo | D60: timing | E60: timingDate | I60: date
B61: ExplanationOfBenefit | C61: supportingInfo | D61: timing | E61: timingPeriod | I61: Period
B62: ExplanationOfBenefit | C62: supportingInfo | D62: value | H62: 1..1 | J62: Data to be provided
B63: ExplanationOfBenefit | C63: supportingInfo | D63: value | E63: valueBoolean | I63: boolean
B64: ExplanationOfBenefit | C64: supportingInfo | D64: value | E64: valueString | I64: string
B65: ExplanationOfBenefit | C65: supportingInfo | D65: value | E65: valueQuantity | I65: Quantity
B66: ExplanationOfBenefit | C66: supportingInfo | D66: value | E66: valueAttachment | I66: Attachment
B67: ExplanationOfBenefit | C67: supportingInfo | D67: value | E67: valueReference--> | I67: Reference(Any)
B68: ExplanationOfBenefit | C68: supportingInfo | D68: reason | H68: 0..1 | I68: Coding | J68: Explanation for the information
B69: ExplanationOfBenefit | C69: supportingInfo | D69: reason | J69: Missing Tooth Reason Codes (Example)
B70: ExplanationOfBenefit | C70: diagnosis | H70: 0..* | I70: BackboneElement | J70: Pertinent diagnosis information
B71: ExplanationOfBenefit | C71: diagnosis | D71: sequence | H71: 1..1 | I71: positiveInt | J71: Diagnosis instance identifier
B72: ExplanationOfBenefit | C72: diagnosis | D72: diagnosis | H72: 1..1 | I72: CodeableConcept | J72: Nature of illness or problem
B73: ExplanationOfBenefit | C73: diagnosis | D73: diagnosis | J73: ICD-10 Codes (Example)
B74: ExplanationOfBenefit | C74: diagnosis | D74: diagnosis | I74: Reference(Condition)
B75: ExplanationOfBenefit | C75: diagnosis | D75: type | H75: 0..* | I75: CodeableConcept | J75: Timing or nature of the diagnosis
B76: ExplanationOfBenefit | C76: diagnosis | D76: type | J76: Example Diagnosis Type Codes (Example)
B77: ExplanationOfBenefit | C77: diagnosis | D77: onAdmission | H77: 0..1 | I77: CodeableConcept | J77: Present on admission
B78: ExplanationOfBenefit | C78: diagnosis | D78: onAdmission | J78: Example Diagnosis on Admission Codes (Example)
B79: ExplanationOfBenefit | C79: diagnosis | D79: packageCode | H79: 0..1 | I79: CodeableConcept | J79: Package billing code
B80: ExplanationOfBenefit | C80: diagnosis | D80: packageCode | J80: Example Diagnosis Related Group Codes (Example)
B81: ExplanationOfBenefit | C81: procedure | H81: 0..* | I81: BackboneElement | J81: Clinical procedures performed
B82: ExplanationOfBenefit | C82: procedure | D82: sequence | H82: 1..1 | I82: positiveInt | J82: Procedure instance identifier
B83: ExplanationOfBenefit | C83: procedure | D83: type | H83: 0..* | I83: CodeableConcept | J83: Category of Procedure
B84: ExplanationOfBenefit | C84: procedure | D84: type | J84: Example Procedure Type Codes (Example)
B85: ExplanationOfBenefit | C85: procedure | D85: date | H85: 0..1 | I85: dateTime | J85: When the procedure was performed
B86: ExplanationOfBenefit | C86: procedure | D86: procedure | H86: 1..1 | J86: Specific clinical procedure
B87: ExplanationOfBenefit | C87: procedure | D87: procedure | J87: ICD-10 Procedure Codes (Example)
B88: ExplanationOfBenefit | C88: procedure | D88: procedure | E88: procedureCodeableConcept | I88: CodeableConcept
B89: ExplanationOfBenefit | C89: procedure | D89: procedure | E89: procedureReference--> | I89: Reference(Procedure)
B90: ExplanationOfBenefit | C90: procedure | D90: udi | H90: 0..* | I90: Reference(Device) | J90: Unique device identifier
B91: ExplanationOfBenefit | C91: precedence | H91: 0..1 | I91: positiveInt | J91: Precedence (primary, secondary, etc.)
B92: ExplanationOfBenefit | C92: insurance | G92: Σ | H92: 1..* | I92: BackboneElement | J92: Patient insurance information
B93: ExplanationOfBenefit | C93: insurance | D93: focal | G93: Σ | H93: 1..1 | I93: boolean | J93: Coverage to be used for adjudication
B94: ExplanationOfBenefit | C94: insurance | D94: coverage--> | G94: Σ | H94: 1..1 | I94: Reference(Coverage) | J94: Insurance information
B95: ExplanationOfBenefit | C95: insurance | D95: coverage--> | G95: Σ | H95: 1..1 | I95: Reference(Coverage) | J95: Insurance information
B96: ExplanationOfBenefit | C96: insurance | D96: preAuthRef | H96: 0..* | I96: string | J96: Prior authorization reference number
B97: ExplanationOfBenefit | C97: accident | H97: 0..1 | I97: BackboneElement | J97: Details of the event
B98: ExplanationOfBenefit | C98: accident | D98: date | H98: 0..1 | I98: date | J98: When the incident occurred
B99: ExplanationOfBenefit | C99: accident | D99: type | H99: 0..1 | I99: CodeableConcept | J99: The nature of the accident
B100: ExplanationOfBenefit | C100: accident | D100: type | J100: V3 Value SetActIncidentCode (Extensible)
...

Sheet EOB Inpatient Institutional
A1: Slice | B1: L0 | C1: L1 | D1: L2 | E1: L3 | F1: L4 | G1: Flag | H1: Cardinality | I1: DataType / Value Set | J1: Description | K1: CPCDS MapID | L1: CPCDS Data Element Name | M1: Cardinality / DataType | N1: Value Set Comments | O1: Working Note
B2: ExplanationOfBenefit | G2: TU | I2: DomainResource | J2: Explanation of Benefit resource
B3: ExplanationOfBenefit | J3: Elements defined in Ancestors: id, meta, implicitRules, language, text, contained, extension, modifierExtension
B4: ExplanationOfBenefit | C4: identifier | H4: 1..* | I4: Identifier | J4: Business Identifier for the resource | K4: ='Data Element Index'!$A$171 -> 35 | L4: ='Data Element Index'!$C$171 -> Payer claim unique identifier
B5: ExplanationOfBenefit | C5: identifier | D5: type | H5: 1..* | I5: CodeableConcept | J5: Description of identifier | K5: ='Data Element Index'!$A$423 -> 183 | L5: ='Data Element Index'!$C$423 -> Claim Identifier Type | M5: [1..1] | N5: value = uc and those in code system Identfiertype
B6: ExplanationOfBenefit | C6: identifier | D6: type | J6: IdentifierType (Extensible) | K6: ='Data Element Index'!$A$423 -> 183 | L6: ='Data Element Index'!$C$423 -> Claim Identifier Type
B7: ExplanationOfBenefit | C7: status | G7: ?!Σ | H7: 1..1 | I7: code | J7: active | cancelled | draft | entered-in-error | K7: 140 | L7: ='Data Element Index'!$C$319 -> Claim processing status code | N7: value = active | cancelled
B8: ExplanationOfBenefit | C8: status | J8: ExplanationOfBenefitStatus (Required)
B9: ExplanationOfBenefit | C9: type | G9: Σ | H9: 1..1 | I9: CodeableConcept | J9: Category or discipline | K9: 16 | L9: ='Data Element Index'!$C$42 -> Claim type | N9: values: Inpatient Institutional
B10: ExplanationOfBenefit | C10: type | J10: Claim Type Codes (Extensible) | K10: 16 | L10: ='Data Element Index'!$C$42 -> Claim type | N10: http://terminology.hl7.org/CodeSystem/claim-type | O10: Defines the Claims profiles (there is also a Coverage profile).
B11: ExplanationOfBenefit | C11: subtype | H11: 0..1 | I11: CodeableConcept | J11: More granular claim type | K11: ='Data Element Index'!$A$38 -> 15 | L11: ='Data Element Index'!$C$38 -> Claim sub type | N11: value = 'institutionalinpatient'
B12: ExplanationOfBenefit | C12: subtype | J12: Example Claim SubType Codes (Example) | K12: ='Data Element Index'!$A$38 -> 15 | L12: ='Data Element Index'!$C$38 -> Claim sub type | N12: C4BB Institutional Claim Sub Type
B13: ExplanationOfBenefit | C13: use | G13: Σ | H13: 1..1 | I13: code | J13: claim | preauthorization | predetermination | K13: New | N13: value = claim
B14: ExplanationOfBenefit | C14: use | J14: Use (Required)
B15: ExplanationOfBenefit | C15: patient--> | G15: Σ | H15: 1..1 | I15: Reference(Patient) | J15: The recipient of the products and services | K15: Ref (1) | L15: ='Data Element Index'!$C$2 -> Member id | M15: [1.1] (CHAR) | O15: Additional required path: EOB.insurance.coverage(Coverage).beneficiary(Patient).identifier
B16: ExplanationOfBenefit | C16: billablePeriod | G16: Σ | H16: 1..1 | I16: Period | J16: Relevant time frame for the claim | K16: 177, 178 | L16: Statement From Date Statement Through Date | M16: [1..1] (TS8) | N16: period.start period.end
B17: ExplanationOfBenefit | C17: created | G17: Σ | H17: 1..1 | I17: dateTime | J17: Adjudication date | K17: 179 | L17: ='Data Element Index'!$C$411 -> Adjudication Date | M17: [1..1] (TS8) | O17: Date the claim was adjudicated
B18: ExplanationOfBenefit | C18: enterer--> | H18: 0..1 | I18: Reference(Practitioner | PractitionerRole) | J18: Author of the claim
B19: ExplanationOfBenefit | C19: insurer--> | G19: Σ | H19: 1..1 | I19: Reference(Organization) | J19: Party responsible for reimbursement | K19: Ref (2, 5) | L19: ='Data Element Index'!$C$9 -> Claim payer Identifier | N19: Organization.identifier | O19: Same as insurance.coverage.organization. Party responsible for reimbursing the provider.
B20: ExplanationOfBenefit | C20: insurer--> | G20: Σ | H20: 1..1 | I20: Reference(Organization) | J20: Party responsible for reimbursement | K20: Ref (175) | L20: ='Data Element Index'!$C$391 -> Claim payer Name | N20: Organization.name | O20: Same as insurance.coverage.organization. Party responsible for reimbursing the provider.
B21: ExplanationOfBenefit | C21: provider--> | G21: Σ | H21: 1..1 | I21: Reference(Organization) | J21: Party responsible for the claim | K21: Ref (94) | L21: ='Data Element Index'!$C$232 -> Claim billing provider NPI | M21: =Practitioner!$M$5 -> [1..1] CHAR(10) | N21: Organization.identifier
B22: ExplanationOfBenefit | C22: provider--> | G22: Σ | H22: 1..1 | I22: Reference(Organization) | J22: Party responsible for the claim | K22: Ref (167) | L22: ='Data Element Index'!$C$369 -> Claim billing provider name
B23: ExplanationOfBenefit | C23: priority | H23: 0..1 | I23: CodeableConcept | J23: Desired processing urgency
B24: ExplanationOfBenefit | C24: priority | J24: ProcessPriority (Example)
B25: ExplanationOfBenefit | C25: fundsReservedRequested | H25: 0..1 | I25: CodeableConcept | J25: For whom to reserve funds
B26: ExplanationOfBenefit | C26: fundsReservedRequested | J26: FundsReserve (Example)
B27: ExplanationOfBenefit | C27: fundsReserve | H27: 0..1 | I27: CodeableConcept | J27: Funds reserved status
B28: ExplanationOfBenefit | C28: fundsReserve | J28: FundsReserve (Example)
B29: ExplanationOfBenefit | C29: related | H29: 0..* | I29: BackboneElement | J29: Prior or corollary claims | K29: 111, 112 | L29: Claim adjusted from identifier Claim adjusted to identifier
B30: ExplanationOfBenefit | C30: related | D30: claim--> | H30: 0..1 | I30: Reference(Claim) | J30: Reference to the related claim
B31: ExplanationOfBenefit | C31: related | D31: relationship | H31: 0..1 | I31: CodeableConcept | J31: How the reference claim is related | K31: New(111, 112)
B32: ExplanationOfBenefit | C32: related | D32: relationship | J32: Example Related Claim Relationship Codes (Example) | K32: New(111, 112) | N32: values set Example Related Claim Relationship Codes prior | replaced by request adding replaced by or merged
B33: ExplanationOfBenefit | C33: related | D33: reference | H33: 0..1 | I33: Identifier | J33: File or case reference | K33: 111, 112
B34: ExplanationOfBenefit | C34: prescription--> | H34: 0..1 | I34: Reference(MedicationRequest| VisionPrescription) | J34: Prescription authorizing services or products
B35: ExplanationOfBenefit | C35: originalPrescription--> | H35: 0..1 | I35: Reference(MedicationRequest) | J35: Original prescription if superceded by fulfiller
B36: ExplanationOfBenefit | C36: payee | H36: 1..1 | I36: BackboneElement | J36: Recipient of benefits payable | K36: 120
B37: ExplanationOfBenefit | C37: payee | D37: type | H37: 1..1 | I37: CodeableConcept | J37: Category of recipient | K37: 120 | L37: ='Data Element Index'!$C$294 -> Claim payee type code
B38: ExplanationOfBenefit | C38: payee | D38: type | J38: PayeeType (Required) | K38: 120 | L38: ='Data Element Index'!$C$294 -> Claim payee type code | N38: subscriber | provider | beneficiary | other
B39: ExplanationOfBenefit | C39: payee | D39: party--> | H39: 1..1 | I39: Reference(Organization | Practioner | Patient) | J39: Recipient reference | K39: Ref (121) | L39: ='Data Element Index'!$C$299 -> Claim payee
B40: ExplanationOfBenefit | C40: referral--> | H40: 0..1 | I40: Reference(ServiceRequest) | J40: Treatment Referral
B41: ExplanationOfBenefit | C41: facility--> | H41: 0..1 | I41: Reference(Location) | J41: Servicing Facility
B42: ExplanationOfBenefit | C42: claim--> | H42: 0..1 | I42: Reference(Claim) | J42: Claim reference
B43: ExplanationOfBenefit | C43: claimResponse--> | H43: 0..1 | I43: Reference(ClaimResponse) | J43: Claim response reference
B44: ExplanationOfBenefit | C44: outcome | G44: Σ | H44: 1..1 | I44: code | J44: queued | complete | error | partial | K44: New | N44: value = complete
B45: ExplanationOfBenefit | C45: outcome | J45: Claim Processing Codes (Required) | K45: New
B46: ExplanationOfBenefit | C46: disposition | H46: 0..1 | I46: string | J46: Disposition Message
B47: ExplanationOfBenefit | C47: preAuthRef | H47: 0..* | I47: string | J47: Preauthorization reference
B48: ExplanationOfBenefit | C48: preAuthRefPeriod | H48: 0..* | I48: Period | J48: Preauthorization in-effect period
B49: ExplanationOfBenefit | C49: careTeam | H49: 0..* | I49: BackboneElement | J49: Care Team members
B50: ExplanationOfBenefit | C50: careTeam | D50: sequence | H50: 1..1 | I50: positiveInt | J50: Order of care team | K50: New | O50: reference careTeam.sequence rule
B51: ExplanationOfBenefit | C51: careTeam | D51: provider--> | H51: 1..1 | I51: Reference(Practitioner) | J51: Practitioner | K51: Ref (93, 96, 98, 99, 173) | L51: Provider attending, PCP, operating, refering and supervising NPIs | M51: =Practitioner!$M$5 -> [1..1] CHAR(10)
B52: ExplanationOfBenefit | C52: careTeam | D52: provider--> | H52: 1..1 | I52: Reference(Practitioner) | J52: Practitioner | K52: Ref (166, 169, 182, 171, 174) | L52: Provider attending, PCP, operating, refering and supervising names
B53: ExplanationOfBenefit | C53: careTeam | D53: responsible | H53: 0..1 | I53: boolean | J53: Indicator of the lead practitioner
B54: ExplanationOfBenefit | C54: careTeam | D54: role | H54: 1..1 | I54: CodeableConcept | J54: Function within the team | K54: 165 | L54: ='Data Element Index'!$C$362 -> Care Team Role
B55: ExplanationOfBenefit | C55: careTeam | D55: role | J55: Claim Care Team Role Codes (Example) | K55: 165 | L55: ='Data Element Index'!$C$362 -> Care Team Role | N55: values: attending | pcp | operating | referring | supervising
B56: ExplanationOfBenefit | C56: careTeam | D56: qualification | H56: 0..1 | I56: CodeableConcept | J56: Practitioner credential or specialization
B57: ExplanationOfBenefit | C57: careTeam | D57: qualification | J57: Example Provider Qualification Codes (Example)
A58: billingnetworkcontractingstatus | B58: ExplanationOfBenefit | C58: supportingInfo | H58: 1..1 | I58: BackboneElement | J58: Supporting information
A59: billingnetworkcontractingstatus | B59: ExplanationOfBenefit | C59: supportingInfo | D59: sequence | H59: 1..1 | I59: positiveInt | J59: Information instance identifier | K59: 101 | N59: reference supportinginfo.sequence rule
A60: billingnetworkcontractingstatus | B60: ExplanationOfBenefit | C60: supportingInfo | D60: category | H60: 1..1 | I60: CodeableConcept | J60: Classification of the supplied information | K60: 101 | N60: value = 'billingnetworkcontractingstatus'
A61: billingnetworkcontractingstatus | B61: ExplanationOfBenefit | C61: supportingInfo | D61: category | J61: Claim Information Category Codes (Example) | K61: 101
A62: billingnetworkcontractingstatus | B62: ExplanationOfBenefit | C62: supportingInfo | D62: code | H62: 0..1 | I62: CodeableConcept | J62: Type of information | K62: 101 | L62: ='Data Element Index'!$C$251 -> Claim billing provider contracting status
A63: billingnetworkcontractingstatus | B63: ExplanationOfBenefit | C63: supportingInfo | D63: code | J63: Exception Codes (Example) | K63: 101 | L63: ='Data Element Index'!$C$251 -> Claim billing provider contracting status | N63: values: contracted | non-contracted
A64: billingnetworkcontractingstatus | B64: ExplanationOfBenefit | C64: supportingInfo | D64: timing | H64: 0..1 | J64: When it occurred
A65: billingnetworkcontractingstatus | B65: ExplanationOfBenefit | C65: supportingInfo | D65: timing | E65: timingDate | I65: date
A66: billingnetworkcontractingstatus | B66: ExplanationOfBenefit | C66: supportingInfo | D66: timing | E66: timingPeriod | I66: Period
A67: billingnetworkcontractingstatus | B67: ExplanationOfBenefit | C67: supportingInfo | D67: value | H67: 0..1 | J67: Data to be provided
A68: billingnetworkcontractingstatus | B68: ExplanationOfBenefit | C68: supportingInfo | D68: value | E68: valueBoolean | I68: boolean
A69: billingnetworkcontractingstatus | B69: ExplanationOfBenefit | C69: supportingInfo | D69: value | E69: valueString | I69: string
A70: billingnetworkcontractingstatus | B70: ExplanationOfBenefit | C70: supportingInfo | D70: value | E70: valueQuantity | I70: Quantity
A71: billingnetworkcontractingstatus | B71: ExplanationOfBenefit | C71: supportingInfo | D71: value | E71: valueAttachment | I71: Attachment
A72: billingnetworkcontractingstatus | B72: ExplanationOfBenefit | C72: supportingInfo | D72: value | E72: valueReference--> | I72: Reference(Any)
A73: billingnetworkcontractingstatus | B73: ExplanationOfBenefit | C73: supportingInfo | D73: reason | H73: 0..1 | I73: Coding | J73: Explanation for the information
A74: billingnetworkcontractingstatus | B74: ExplanationOfBenefit | C74: supportingInfo | D74: reason | J74: Missing Tooth Reason Codes (Example)
A75: clmrecvddate | B75: ExplanationOfBenefit | C75: supportingInfo | H75: 0..1 | I75: BackboneElement | J75: Supporting information
A76: clmrecvddate | B76: ExplanationOfBenefit | C76: supportingInfo | D76: sequence | H76: 1..1 | I76: positiveInt | J76: Information instance identifier | K76: 88 | N76: reference supportinginfo.sequence rule
A77: clmrecvddate | B77: ExplanationOfBenefit | C77: supportingInfo | D77: category | H77: 1..1 | I77: CodeableConcept | J77: Classification of the supplied information | K77: 88 | N77: value = 'clmrecvddate'
A78: clmrecvddate | B78: ExplanationOfBenefit | C78: supportingInfo | D78: category | J78: Claim Information Category Codes (Example)
A79: clmrecvddate | B79: ExplanationOfBenefit | C79: supportingInfo | D79: code | H79: 0..1 | I79: CodeableConcept | J79: Type of information
A80: clmrecvddate | B80: ExplanationOfBenefit | C80: supportingInfo | D80: code | J80: Exception Codes (Example)
A81: clmrecvddate | B81: ExplanationOfBenefit | C81: supportingInfo | D81: timing | H81: 0..1 | J81: When it occurred
A82: clmrecvddate | B82: ExplanationOfBenefit | C82: supportingInfo | D82: timing | E82: timingDate | I82: date | K82: 88 | L82: ='Data Element Index'!$C$211 -> Claim received date | M82: [1..1] (TS8)
A83: clmrecvddate | B83: ExplanationOfBenefit | C83: supportingInfo | D83: timing | E83: timingPeriod | I83: Period
A84: clmrecvddate | B84: ExplanationOfBenefit | C84: supportingInfo | D84: value | H84: 0..1 | J84: Data to be provided
A85: clmrecvddate | B85: ExplanationOfBenefit | C85: supportingInfo | D85: value | E85: valueBoolean | I85: boolean
A86: clmrecvddate | B86: ExplanationOfBenefit | C86: supportingInfo | D86: value | E86: valueString | I86: string
A87: clmrecvddate | B87: ExplanationOfBenefit | C87: supportingInfo | D87: value | E87: valueQuantity | I87: Quantity
A88: clmrecvddate | B88: ExplanationOfBenefit | C88: supportingInfo | D88: value | E88: valueAttachment | I88: Attachment
A89: clmrecvddate | B89: ExplanationOfBenefit | C89: supportingInfo | D89: value | E89: valueReference--> | I89: Reference(Any)
A90: clmrecvddate | B90: ExplanationOfBenefit | C90: supportingInfo | D90: reason | H90: 0..1 | I90: Coding | J90: Explanation for the information
A91: clmrecvddate | B91: ExplanationOfBenefit | C91: supportingInfo | D91: reason | J91: Missing Tooth Reason Codes (Example)
A92: admissionperiod | B92: ExplanationOfBenefit | C92: supportingInfo | H92: 1..1 | I92: BackboneElement | J92: Supporting information
A93: admissionperiod | B93: ExplanationOfBenefit | C93: supportingInfo | D93: sequence | H93: 1..1 | I93: positiveInt | J93: Information instance identifier | N93: reference supportinginfo.sequence rule
A94: admissionperiod | B94: ExplanationOfBenefit | C94: supportingInfo | D94: category | H94: 1..1 | I94: CodeableConcept | J94: Classification of the supplied information | N94: value = 'admissionperiod'
A95: admissionperiod | B95: ExplanationOfBenefit | C95: supportingInfo | D95: category | J95: Claim Information Category Codes (Example)
A96: admissionperiod | B96: ExplanationOfBenefit | C96: supportingInfo | D96: code | H96: 0..1 | I96: CodeableConcept | J96: Type of information
A97: admissionperiod | B97: ExplanationOfBenefit | C97: supportingInfo | D97: code | J97: Exception Codes (Example)
A98: admissionperiod | B98: ExplanationOfBenefit | C98: supportingInfo | D98: timing | H98: 1..1 | J98: When it occurred
A99: admissionperiod | B99: ExplanationOfBenefit | C99: supportingInfo | D99: timing | E99: timingDate | I99: date
A100: admissionperiod | B100: ExplanationOfBenefit | C100: supportingInfo | D100: timing | E100: timingPeriod | I100: Period | K100: 18, 19 | L100: Member Admission Date Member Discharge Date | M100: [1..1] (TS8)
...

Sheet EOB Outpatient Institutional
A1: Slice | B1: L0 | C1: L1 | D1: L2 | E1: L3 | F1: L4 | G1: Flag | H1: Cardinality | I1: DataType / Value Set | J1: Description | K1: CPCDS MapID | L1: CARIN CPCDS Data Element Name | M1: Cardinality / DataType | N1: Value Set Comments | O1: Working Note
B2: ExplanationOfBenefit | G2: TU | I2: DomainResource | J2: Explanation of Benefit resource
B3: ExplanationOfBenefit | J3: Elements defined in Ancestors: id, meta, implicitRules, language, text, contained, extension, modifierExtension
B4: ExplanationOfBenefit | C4: identifier | H4: 1..* | I4: Identifier | J4: Business Identifier for the resource | K4: ='Data Element Index'!$A$171 -> 35 | L4: ='Data Element Index'!$C$171 -> Payer claim unique identifier
B5: ExplanationOfBenefit | C5: identifier | D5: type | H5: 1..* | I5: CodeableConcept | J5: Description of identifier | K5: ='Data Element Index'!$A$424 -> 183 | L5: ='Data Element Index'!$C$424 -> Claim Identifier Type | M5: [1..1] | N5: value = uc and those in code system Identfiertype
B6: ExplanationOfBenefit | C6: identifier | D6: type | J6: IdentifierType (Extensible) | K6: ='Data Element Index'!$A$424 -> 183 | L6: ='Data Element Index'!$C$424 -> Claim Identifier Type
B7: ExplanationOfBenefit | C7: status | G7: ?!Σ | H7: 1..1 | I7: code | J7: active | cancelled | draft | entered-in-error | K7: 140 | L7: ='Data Element Index'!$C$320 -> Claim processing status code | N7: value = active | cancelled
B8: ExplanationOfBenefit | C8: status | J8: ExplanationOfBenefitStatus (Required)
B9: ExplanationOfBenefit | C9: type | G9: Σ | H9: 1..1 | I9: CodeableConcept | J9: Category or discipline | K9: 16 | L9: ='Data Element Index'!$C$43 -> Claim type | N9: values: Outpatient Facility
B10: ExplanationOfBenefit | C10: type | J10: Claim Type Codes (Extensible) | K10: 16 | L10: ='Data Element Index'!$C$43 -> Claim type | N10: http://terminology.hl7.org/CodeSystem/claim-type | O10: These define the Claims profiles (there is also a Coverage profile).
B11: ExplanationOfBenefit | C11: subtype | H11: 0..1 | I11: CodeableConcept | J11: More granular claim type | K11: ='Data Element Index'!$A$39 -> 15 | L11: ='Data Element Index'!$C$39 -> Claim sub type | N11: value = 'institutionaloutpatient'
B12: ExplanationOfBenefit | C12: subtype | J12: Example Claim SubType Codes (Example) | K12: ='Data Element Index'!$A$39 -> 15 | L12: ='Data Element Index'!$C$39 -> Claim sub type | N12: C4BB Institutional Claim Sub Type
B13: ExplanationOfBenefit | C13: use | G13: Σ | H13: 1..1 | I13: code | J13: claim | preauthorization | predetermination | K13: New | N13: value = claim
B14: ExplanationOfBenefit | C14: use | J14: Use (Required)
B15: ExplanationOfBenefit | C15: patient--> | G15: Σ | H15: 1..1 | I15: Reference(Patient) | J15: The recipient of the products and services | K15: Ref (1) | L15: ='Data Element Index'!$C$2 -> Member id | O15: Refer to the Implementation Guide for reference Resource support.
B16: ExplanationOfBenefit | C16: billablePeriod | G16: Σ | H16: 0..1 | I16: Period | J16: Relevant time frame for the claim | K16: 177, 178 | L16: Statement From Date Statement Through Date | M16: [1..1] (TS8) | N16: period.start period.end
B17: ExplanationOfBenefit | C17: created | G17: Σ | H17: 1..1 | I17: dateTime | J17: Adjudication date | K17: 179 | L17: ='Data Element Index'!$C$411 -> Adjudication Date | M17: [1..1] (TS8) | O17: Date the claim was adjudicated
B18: ExplanationOfBenefit | C18: enterer--> | H18: 0..1 | I18: Reference(Practitioner | PractitionerRole) | J18: Author of the claim
B19: ExplanationOfBenefit | C19: insurer--> | G19: Σ | H19: 1..1 | I19: Reference(Organization) | J19: Party responsible for reimbursement | K19: Ref (2, 5) | L19: ='Data Element Index'!$C$11 -> Claim payer Identifier | N19: Organization.identifier | O19: Same as insurance.coverage.organization. Party responsible for reimbursing the provider.
B20: ExplanationOfBenefit | C20: insurer--> | G20: Σ | H20: 1..1 | I20: Reference(Organization) | J20: Party responsible for reimbursement | K20: Ref (175) | L20: ='Data Element Index'!$C$393 -> Claim payer Name | N20: Organization.name | O20: Same as insurance.coverage.organization. Party responsible for reimbursing the provider.
B21: ExplanationOfBenefit | C21: provider--> | G21: Σ | H21: 1..1 | I21: Reference(Organization) | J21: Party responsible for the claim | K21: Ref (94) | L21: ='Data Element Index'!$C$232 -> Claim billing provider NPI | M21: =Practitioner!$M$4 -> 0 | N21: Organization.identifier
B22: ExplanationOfBenefit | C22: provider--> | G22: Σ | H22: 1..1 | I22: Reference(Organization) | J22: Party responsible for the claim | K22: Ref (167) | L22: ='Data Element Index'!$C$369 -> Claim billing provider name
B23: ExplanationOfBenefit | C23: priority | H23: 0..1 | I23: CodeableConcept | J23: Desired processing urgency
B24: ExplanationOfBenefit | C24: priority | J24: ProcessPriority
B25: ExplanationOfBenefit | C25: fundsReservedRequested | H25: 0..1 | I25: CodeableConcept | J25: For whom to reserve funds
B26: ExplanationOfBenefit | C26: fundsReservedRequested | J26: FundsReserve (Example)
B27: ExplanationOfBenefit | C27: fundsReserve | H27: 0..1 | I27: CodeableConcept | J27: Funds reserved status
B28: ExplanationOfBenefit | C28: fundsReserve | J28: FundsReserve (Example)
B29: ExplanationOfBenefit | C29: related | H29: 0..* | I29: BackboneElement | J29: Prior or corollary claims | K29: 111, 112 | L29: Claim adjusted from identifier Claim adjusted to identifier
B30: ExplanationOfBenefit | C30: related | D30: claim--> | H30: 0..1 | I30: Reference(Claim) | J30: Reference to the related claim
B31: ExplanationOfBenefit | C31: related | D31: relationship | H31: 0..1 | I31: CodeableConcept | J31: How the reference claim is related | K31: New(111, 112)
B32: ExplanationOfBenefit | C32: related | D32: relationship | J32: Example Related Claim Relationship Codes (Example) | K32: New(111, 112) | N32: values set Example Related Claim Relationship Codes prior | replaced by request adding replaced by or merged
B33: ExplanationOfBenefit | C33: related | D33: reference | H33: 0..1 | I33: Identifier | J33: File or case reference | K33: 111, 112
B34: ExplanationOfBenefit | C34: prescription--> | H34: 0..1 | I34: Reference(MedicationRequest| VisionPrescription) | J34: Prescription authorizing services or products
B35: ExplanationOfBenefit | C35: originalPrescription--> | H35: 0..1 | I35: Reference(MedicationRequest) | J35: Original prescription if superceded by fulfiller
B36: ExplanationOfBenefit | C36: payee | H36: 1..1 | I36: BackboneElement | J36: Recipient of benefits payable | K36: 120
B37: ExplanationOfBenefit | C37: payee | D37: type | H37: 1..1 | I37: CodeableConcept | J37: Category of recipient | K37: 120 | L37: ='Data Element Index'!$C$295 -> Claim payee type code
B38: ExplanationOfBenefit | C38: payee | D38: type | J38: PayeeType (Required) | K38: 120 | L38: ='Data Element Index'!$C$294 -> Claim payee type code | N38: subscriber | provider | beneficiary | other
B39: ExplanationOfBenefit | C39: payee | D39: party--> | H39: 1..1 | I39: Reference(Organization | Practioner | Patient) | J39: Recipient reference | K39: Ref (121) | L39: ='Data Element Index'!$C$300 -> Claim payee
B40: ExplanationOfBenefit | C40: referral--> | H40: 0..1 | I40: Reference(ServiceRequest) | J40: Treatment Referral
B41: ExplanationOfBenefit | C41: facility--> | H41: 0..1 | I41: Reference(Location) | J41: Servicing Facility
B42: ExplanationOfBenefit | C42: claim--> | H42: 0..1 | I42: Reference(Claim) | J42: Claim reference
B43: ExplanationOfBenefit | C43: claimResponse--> | H43: 0..1 | I43: Reference(ClaimResponse) | J43: Claim response reference
B44: ExplanationOfBenefit | C44: outcome | G44: Σ | H44: 1..1 | I44: code | J44: queued | complete | error | partial | K44: New | N44: value = complete
B45: ExplanationOfBenefit | C45: outcome | J45: Claim Processing Codes (Required) | K45: New
B46: ExplanationOfBenefit | C46: disposition | H46: 0..1 | I46: string | J46: Disposition Message
B47: ExplanationOfBenefit | C47: preAuthRef | H47: 0..* | I47: string | J47: Preauthorization reference
B48: ExplanationOfBenefit | C48: preAuthRefPeriod | H48: 0..* | I48: Period | J48: Preauthorization in-effect period
B49: ExplanationOfBenefit | C49: careTeam | H49: 0..* | I49: BackboneElement | J49: Care Team members
B50: ExplanationOfBenefit | C50: careTeam | D50: sequence | H50: 1..1 | I50: positiveInt | J50: Order of care team | K50: new | O50: reference careTeam.sequence rule
B51: ExplanationOfBenefit | C51: careTeam | D51: provider--> | H51: 1..1 | I51: Reference(Practitioner) | J51: Practitioner | K51: Ref (93, 96, 98, 99, 173) | L51: Provider attending, PCP, operating, refering and supervising NPIs | M51: =Practitioner!$M$5 -> [1..1] CHAR(10)
B52: ExplanationOfBenefit | C52: careTeam | D52: provider--> | H52: 1..1 | I52: Reference(Practitioner) | J52: Practitioner | K52: Ref (166, 169, 182, 171, 174) | L52: Provider attending, PCP, operating, refering and supervising names
B53: ExplanationOfBenefit | C53: careTeam | D53: responsible | H53: 0..1 | I53: boolean | J53: Indicator of the lead practitioner
B54: ExplanationOfBenefit | C54: careTeam | D54: role | H54: 1..1 | I54: CodeableConcept | J54: Function within the team | K54: 165 | L54: ='Data Element Index'!$C$363 -> Care Team Role
B55: ExplanationOfBenefit | C55: careTeam | D55: role | J55: Claim Care Team Role Codes (Example) | K55: 165 | L55: ='Data Element Index'!$C$363 -> Care Team Role | N55: values: attending | pcp | operating | referring | supervising
B56: ExplanationOfBenefit | C56: careTeam | D56: qualification | H56: 0..1 | I56: CodeableConcept | J56: Practitioner credential or specialization
B57: ExplanationOfBenefit | C57: careTeam | D57: qualification | J57: Example Provider Qualification Codes (Example)
A58: billingnetworkcontractingstatus | B58: ExplanationOfBenefit | C58: supportingInfo | H58: 1..1 | I58: BackboneElement | J58: Supporting information
A59: billingnetworkcontractingstatus | B59: ExplanationOfBenefit | C59: supportingInfo | D59: sequence | H59: 1..1 | I59: positiveInt | J59: Information instance identifier | K59: 101 | N59: reference supportinginfo.sequence rule
A60: billingnetworkcontractingstatus | B60: ExplanationOfBenefit | C60: supportingInfo | D60: category | H60: 1..1 | I60: CodeableConcept | J60: Classification of the supplied information | K60: 101 | N60: value = 'billingnetworkcontractingstatus'
A61: billingnetworkcontractingstatus | B61: ExplanationOfBenefit | C61: supportingInfo | D61: category | J61: Claim Information Category Codes (Example) | K61: 101
A62: billingnetworkcontractingstatus | B62: ExplanationOfBenefit | C62: supportingInfo | D62: code | H62: 0..1 | I62: CodeableConcept | J62: Type of information | K62: 101 | L62: ='Data Element Index'!$C$252 -> Claim billing provider contracting status
A63: billingnetworkcontractingstatus | B63: ExplanationOfBenefit | C63: supportingInfo | D63: code | J63: Exception Codes (Example) | K63: 101 | L63: ='Data Element Index'!$C$252 -> Claim billing provider contracting status | N63: values: contracted | non-contracted
A64: billingnetworkcontractingstatus | B64: ExplanationOfBenefit | C64: supportingInfo | D64: timing | H64: 0..1 | J64: When it occurred
A65: billingnetworkcontractingstatus | B65: ExplanationOfBenefit | C65: supportingInfo | D65: timing | E65: timingDate | I65: date
A66: billingnetworkcontractingstatus | B66: ExplanationOfBenefit | C66: supportingInfo | D66: timing | E66: timingPeriod | I66: Period
A67: billingnetworkcontractingstatus | B67: ExplanationOfBenefit | C67: supportingInfo | D67: value | H67: 0..1 | J67: Data to be provided
A68: billingnetworkcontractingstatus | B68: ExplanationOfBenefit | C68: supportingInfo | D68: value | E68: valueBoolean | I68: boolean
A69: billingnetworkcontractingstatus | B69: ExplanationOfBenefit | C69: supportingInfo | D69: value | E69: valueString | I69: string
A70: billingnetworkcontractingstatus | B70: ExplanationOfBenefit | C70: supportingInfo | D70: value | E70: valueQuantity | I70: Quantity
A71: billingnetworkcontractingstatus | B71: ExplanationOfBenefit | C71: supportingInfo | D71: value | E71: valueAttachment | I71: Attachment
A72: billingnetworkcontractingstatus | B72: ExplanationOfBenefit | C72: supportingInfo | D72: value | E72: valueReference--> | I72: Reference(Any)
A73: billingnetworkcontractingstatus | B73: ExplanationOfBenefit | C73: supportingInfo | D73: reason | H73: 0..1 | I73: Coding | J73: Explanation for the information
A74: billingnetworkcontractingstatus | B74: ExplanationOfBenefit | C74: supportingInfo | D74: reason | J74: Missing Tooth Reason Codes (Example)
A75: clmrecvddate | B75: ExplanationOfBenefit | C75: supportingInfo | H75: 0..1 | I75: BackboneElement | J75: Supporting information
A76: clmrecvddate | B76: ExplanationOfBenefit | C76: supportingInfo | D76: sequence | H76: 1..1 | I76: positiveInt | J76: Information instance identifier | K76: 88 | N76: reference supportinginfo.sequence rule
A77: clmrecvddate | B77: ExplanationOfBenefit | C77: supportingInfo | D77: category | H77: 1..1 | I77: CodeableConcept | J77: Classification of the supplied information | K77: 88 | N77: value = 'clmrecvddate'
A78: clmrecvddate | B78: ExplanationOfBenefit | C78: supportingInfo | D78: category | J78: Claim Information Category Codes (Example)
A79: clmrecvddate | B79: ExplanationOfBenefit | C79: supportingInfo | D79: code | H79: 0..1 | I79: CodeableConcept | J79: Type of information
A80: clmrecvddate | B80: ExplanationOfBenefit | C80: supportingInfo | D80: code | J80: Exception Codes (Example)
A81: clmrecvddate | B81: ExplanationOfBenefit | C81: supportingInfo | D81: timing | H81: 0..1 | J81: When it occurred
A82: clmrecvddate | B82: ExplanationOfBenefit | C82: supportingInfo | D82: timing | E82: timingDate | I82: date | K82: 88 | L82: ='Data Element Index'!$C$212 -> Claim received date | M82: [1..1] (TS8)
A83: clmrecvddate | B83: ExplanationOfBenefit | C83: supportingInfo | D83: timing | E83: timingPeriod | I83: Period
A84: clmrecvddate | B84: ExplanationOfBenefit | C84: supportingInfo | D84: value | H84: 0..1 | J84: Data to be provided
A85: clmrecvddate | B85: ExplanationOfBenefit | C85: supportingInfo | D85: value | E85: valueBoolean | I85: boolean
A86: clmrecvddate | B86: ExplanationOfBenefit | C86: supportingInfo | D86: value | E86: valueString | I86: string
A87: clmrecvddate | B87: ExplanationOfBenefit | C87: supportingInfo | D87: value | E87: valueQuantity | I87: Quantity
A88: clmrecvddate | B88: ExplanationOfBenefit | C88: supportingInfo | D88: value | E88: valueAttachment | I88: Attachment
A89: clmrecvddate | B89: ExplanationOfBenefit | C89: supportingInfo | D89: value | E89: valueReference--> | I89: Reference(Any)
A90: clmrecvddate | B90: ExplanationOfBenefit | C90: supportingInfo | D90: reason | H90: 0..1 | I90: Coding | J90: Explanation for the information
A91: clmrecvddate | B91: ExplanationOfBenefit | C91: supportingInfo | D91: reason | J91: Missing Tooth Reason Codes (Example)
A92: typeofbill | B92: ExplanationOfBenefit | C92: supportingInfo | H92: 0..1 | I92: BackboneElement | J92: Supporting information | K92: 17
A93: typeofbill | B93: ExplanationOfBenefit | C93: supportingInfo | D93: sequence | H93: 1..1 | I93: positiveInt | J93: Information instance identifier | K93: 17 | N93: reference supportinginfo.sequence rule
A94: typeofbill | B94: ExplanationOfBenefit | C94: supportingInfo | D94: category | H94: 1..1 | I94: CodeableConcept | J94: Classification of the supplied information | K94: 17 | N94: value = 'typeofbill'
A95: typeofbill | B95: ExplanationOfBenefit | C95: supportingInfo | D95: category | J95: Claim Information Category Codes (Example) | K95: 17
A96: typeofbill | B96: ExplanationOfBenefit | C96: supportingInfo | D96: code | H96: 0..1 | I96: CodeableConcept | J96: Type of information | K96: 17 | M96: [1..1] (CD-CHAR(3)) UB-04 | N96: coding.system = url of code system coding.code = the code value
A97: typeofbill | B97: ExplanationOfBenefit | C97: supportingInfo | D97: code | J97: Exception Codes (Example) | K97: 17 | M97: [1..1] (CD-CHAR(3)) UB-04 | N97: Note: Use the code set from UB-04 Form Locator (FL 4) Type Bill.
A98: typeofbill | B98: ExplanationOfBenefit | C98: supportingInfo | D98: timing | H98: 0..1 | J98: When it occurred | N98: coding.system = url of code system coding.code = the code value
A99: typeofbill | B99: ExplanationOfBenefit | C99: supportingInfo | D99: timing | E99: timingDate | I99: date | N99: coding.system = url of code system coding.code = the code value
A100: typeofbill | B100: ExplanationOfBenefit | C100: supportingInfo | D100: timing | E100: timingPeriod | I100: Period
...

Sheet EOB Professional&Non-Clinician
A1: Slice | B1: L0 | C1: L1 | D1: L2 | E1: L3 | F1: L4 | G1: Flag | H1: Cardinality | I1: DataType / Value Set | J1: Description | K1: CPCDS MapID | L1: CARIN CPCDS Data Element Name | M1: Cardinality / DataType | N1: Value Set Comments | O1: Working Note
B2: ExplanationOfBenefit | G2: TU | I2: DomainResource | J2: Explanation of Benefit resource
B3: ExplanationOfBenefit | J3: Elements defined in Ancestors: id, meta, implicitRules, language, text, contained, extension, modifierExtension
B4: ExplanationOfBenefit | C4: identifier | H4: 1..* | I4: Identifier | J4: Business Identifier for the resource | K4: ='Data Element Index'!$A$173 -> 35 | L4: ='Data Element Index'!$C$173 -> Payer claim unique identifier
B5: ExplanationOfBenefit | C5: identifier | D5: type | H5: 1..* | I5: CodeableConcept | J5: Description of identifier | K5: ='Data Element Index'!$A$425 -> 183 | L5: ='Data Element Index'!$C$425 -> Claim Identifier Type | M5: [1..1] | N5: value = uc and those in code system Identfiertype
B6: ExplanationOfBenefit | C6: identifier | D6: type | J6: IdentifierType (Extensible) | K6: ='Data Element Index'!$A$425 -> 183 | L6: ='Data Element Index'!$C$425 -> Claim Identifier Type
B7: ExplanationOfBenefit | C7: status | G7: ?!Σ | H7: 1..1 | I7: code | J7: active | cancelled | draft | entered-in-error | K7: 140 | L7: ='Data Element Index'!$C$321 -> Claim processing status code | N7: value = active | cancelled
B8: ExplanationOfBenefit | C8: status | J8: ExplanationOfBenefitStatus (Required) | K8: New
B9: ExplanationOfBenefit | C9: type | G9: Σ | H9: 1..1 | I9: CodeableConcept | J9: Category or discipline | K9: 16 | L9: ='Data Element Index'!$C$44 -> Claim type | N9: values: professional | vision
B10: ExplanationOfBenefit | C10: type | J10: Claim Type Codes (Extensible) | K10: 16 | L10: ='Data Element Index'!$C$44 -> Claim type | N10: http://terminology.hl7.org/CodeSystem/claim-type | O10: These define the Claims profiles (there is also a Coverage profile).
B11: ExplanationOfBenefit | C11: subtype | H11: 0..1 | I11: CodeableConcept | J11: More granular claim type | K11: ='Data Element Index'!$E$40 -> Removed from scope | M11: [1..1] (CD-CHAR(14)) | N11: values: Professional Inpatient | Professional Outpatient | Non-Physician Inpatient | Non-Physician Outpatient | O11: CPCDS: Removed from scope
B12: ExplanationOfBenefit | C12: subtype | J12: Example Claim SubType Codes (Example) | K12: ='Data Element Index'!$E$40 -> Removed from scope | M12: [1..1] (CD-CHAR(14))
B13: ExplanationOfBenefit | C13: use | G13: Σ | H13: 1..1 | I13: code | J13: claim | preauthorization | predetermination | K13: New | N13: value = claim
B14: ExplanationOfBenefit | C14: use | J14: Use (Required)
B15: ExplanationOfBenefit | C15: patient--> | G15: Σ | H15: 1..1 | I15: Reference(Patient) | J15: The recipient of the products and services | K15: Ref (1) | L15: ='Data Element Index'!$C$2 -> Member id | O15: Refer to the Implementation Guide for reference Resource support.
B16: ExplanationOfBenefit | C16: billablePeriod | G16: Σ | H16: 0..1 | I16: Period | J16: Relevant time frame for the claim | K16: 177, 178 | L16: Statement From Date Statement Through Date | M16: [1..1] (TS8) | N16: period.start period.end
B17: ExplanationOfBenefit | C17: created | G17: Σ | H17: 1..1 | I17: dateTime | J17: Adjudication date | K17: 179 | L17: ='Data Element Index'!$C$413 -> Adjudication Date | M17: [1..1] (TS8) | O17: Date the claim was adjudicated
B18: ExplanationOfBenefit | C18: enterer--> | H18: 0..1 | I18: Reference(Practitioner | PractitionerRole) | J18: Author of the claim
B19: ExplanationOfBenefit | C19: insurer--> | G19: Σ | H19: 1..1 | I19: Reference(Organization) | J19: Party responsible for reimbursement | K19: Ref (2, 5) | L19: ='Data Element Index'!$C$13 -> Claim payer Identifier | N19: Organization.identifier | O19: Same as insurance.coverage.organization. Party responsible for reimbursing the provider.
B20: ExplanationOfBenefit | C20: insurer--> | G20: Σ | H20: 1..1 | I20: Reference(Organization) | J20: Party responsible for reimbursement | K20: Ref (175) | L20: ='Data Element Index'!$C$395 -> Claim payer Name | N20: Organization.name | O20: Same as insurance.coverage.organization. Party responsible for reimbursing the provider.
B21: ExplanationOfBenefit | C21: provider--> | G21: Σ | H21: 1..1 | I21: Reference(PractionerRole) | J21: Party responsible for the claim | M21: [0..1] (CD-CHAR(5)) | N21: Organization.address.zipcode
B22: ExplanationOfBenefit | C22: provider--> | G22: Σ | H22: 1..1 | I22: Reference(Practitioner | Organization) | J22: Party responsible for the claim | K22: Ref (94) | L22: ='Data Element Index'!$C$234 -> Claim billing provider NPI
B23: ExplanationOfBenefit | C23: provider--> | G23: Σ | H23: 1..1 | I23: Reference(Practitioner | Organization) | J23: Party responsible for the claim | K23: Ref (167) | L23: ='Data Element Index'!$C$369 -> Claim billing provider name
B24: ExplanationOfBenefit | C24: priority | H24: 0..1 | I24: CodeableConcept | J24: Desired processing urgency
B25: ExplanationOfBenefit | C25: priority | J25: ProcessPriority
B26: ExplanationOfBenefit | C26: fundsReservedRequested | H26: 0..1 | I26: CodeableConcept | J26: For whom to reserve funds
B27: ExplanationOfBenefit | C27: fundsReservedRequested | J27: FundsReserve (Example)
B28: ExplanationOfBenefit | C28: fundsReserve | H28: 0..1 | I28: CodeableConcept | J28: Funds reserved status
B29: ExplanationOfBenefit | C29: fundsReserve | J29: FundsReserve (Example)
B30: ExplanationOfBenefit | C30: related | H30: 0..* | I30: BackboneElement | J30: Prior or corollary claims | K30: 111, 112 | L30: Claim adjusted from identifier Claim adjusted to identifier
B31: ExplanationOfBenefit | C31: related | D31: claim--> | H31: 0..1 | I31: Reference(Claim) | J31: Reference to the related claim
B32: ExplanationOfBenefit | C32: related | D32: relationship | H32: 0..1 | I32: CodeableConcept | J32: How the reference claim is related | K32: New(111, 112)
B33: ExplanationOfBenefit | C33: related | D33: relationship | J33: Example Related Claim Relationship Codes (Example) | K33: New(111, 112) | N33: values set Example Related Claim Relationship Codes prior | replaced by request adding replaced by or merged
B34: ExplanationOfBenefit | C34: related | D34: reference | H34: 0..1 | I34: Identifier | J34: File or case reference | K34: 111, 112
B35: ExplanationOfBenefit | C35: prescription--> | H35: 0..1 | I35: Reference(MedicationRequest| VisionPrescription) | J35: Prescription authorizing services or products
B36: ExplanationOfBenefit | C36: originalPrescription--> | H36: 0..1 | I36: Reference(MedicationRequest) | J36: Original prescription if superceded by fulfiller
B37: ExplanationOfBenefit | C37: payee | H37: 1..1 | I37: BackboneElement | J37: Recipient of benefits payable | K37: 120
B38: ExplanationOfBenefit | C38: payee | D38: type | H38: 1..1 | I38: CodeableConcept | J38: Category of recipient | K38: 120 | L38: ='Data Element Index'!$C$296 -> Claim payee type code
B39: ExplanationOfBenefit | C39: payee | D39: type | J39: PayeeType (Required) | K39: 120 | L39: ='Data Element Index'!$C$294 -> Claim payee type code | N39: subscriber | provider | beneficiary | other
B40: ExplanationOfBenefit | C40: payee | D40: party--> | H40: 1..1 | I40: Reference(Organization | Practioner | Patient) | J40: Recipient reference | K40: Ref (121) | L40: ='Data Element Index'!$C$301 -> Claim payee
B41: ExplanationOfBenefit | C41: referral--> | H41: 0..1 | I41: Reference(ServiceRequest) | J41: Treatment Referral
B42: ExplanationOfBenefit | C42: facility--> | H42: 0..1 | I42: Reference(Location) | J42: Servicing Facility
B43: ExplanationOfBenefit | C43: claim--> | H43: 0..1 | I43: Reference(Claim) | J43: Claim reference
B44: ExplanationOfBenefit | C44: claimResponse--> | H44: 0..1 | I44: Reference(ClaimResponse) | J44: Claim response reference
B45: ExplanationOfBenefit | C45: outcome | G45: Σ | H45: 1..1 | I45: code | J45: queued | complete | error | partial | K45: New | N45: value = complete
B46: ExplanationOfBenefit | C46: outcome | J46: Claim Processing Codes (Required) | K46: New
B47: ExplanationOfBenefit | C47: disposition | H47: 0..1 | I47: string | J47: Disposition Message
B48: ExplanationOfBenefit | C48: preAuthRef | H48: 0..* | I48: string | J48: Preauthorization reference
B49: ExplanationOfBenefit | C49: preAuthRefPeriod | H49: 0..* | I49: Period | J49: Preauthorization in-effect period
B50: ExplanationOfBenefit | C50: careTeam | H50: 0..* | I50: BackboneElement | J50: Care Team members
B51: ExplanationOfBenefit | C51: careTeam | D51: sequence | H51: 1..1 | I51: positiveInt | J51: Order of care team | K51: new | O51: reference careTeam.sequence rule
B52: ExplanationOfBenefit | C52: careTeam | D52: provider--> | H52: 1..1 | I52: Reference(Practitioner) | J52: Practitioner | K52: Ref (95, 96, 99) | L52: Provider rendering, PCP and referring NPIs | M52: =Practitioner!$M$5 -> [1..1] CHAR(10)
B53: ExplanationOfBenefit | C53: careTeam | D53: provider--> | H53: 1..1 | I53: Reference(Practitioner) | J53: Practitioner | K53: Ref (168, 169, 170, 171) | L53: Provider rendering, PCP and referring names
B54: ExplanationOfBenefit | C54: careTeam | D54: responsible | H54: 0..1 | I54: boolean | J54: Indicator of the lead practitioner
B55: ExplanationOfBenefit | C55: careTeam | D55: role | H55: 1..1 | I55: CodeableConcept | J55: Function within the team | K55: 165 | L55: ='Data Element Index'!$C$364 -> Care Team Role
B56: ExplanationOfBenefit | C56: careTeam | D56: role | J56: Claim Care Team Role Codes (Example) | K56: 165 | L56: ='Data Element Index'!$C$364 -> Care Team Role | N56: values: performing | pcp | referring
B57: ExplanationOfBenefit | C57: careTeam | D57: qualification | H57: 0..1 | I57: CodeableConcept | J57: Practitioner credential or specialization | K57: ='Data Element Index'!$A$197 -> 47 | L57: ='Data Element Index'!$C$197 -> Provider Taxonomy
B58: ExplanationOfBenefit | C58: careTeam | D58: qualification | J58: Example Provider Qualification Codes (Example) | K58: ='Data Element Index'!$A$197 -> 47 | L58: ='Data Element Index'!$C$197 -> Provider Taxonomy | N58: https://www.hl7.org/fhir/us/core/ValueSet-us-core-provider-specialty.html | O58: map Provider Taxonomy to careTeam.qualification when careTeam.role = performing
B59: ExplanationOfBenefit | C59: supportingInfo | H59: 0..* | I59: BackboneElement | J59: Supporting information
B60: ExplanationOfBenefit | C60: supportingInfo | D60: sequence | H60: 1..1 | I60: positiveInt | J60: Information instance identifier
B61: ExplanationOfBenefit | C61: supportingInfo | D61: category | H61: 1..1 | I61: CodeableConcept | J61: Classification of the supplied information
B62: ExplanationOfBenefit | C62: supportingInfo | D62: category | J62: Claim Information Category Codes (Example)
A63: billingnetworkcontractingstatus | B63: ExplanationOfBenefit | C63: supportingInfo | H63: 1..1 | I63: BackboneElement | J63: Supporting information
A64: billingnetworkcontractingstatus | B64: ExplanationOfBenefit | C64: supportingInfo | D64: sequence | H64: 1..1 | I64: positiveInt | J64: Information instance identifier | K64: 101 | N64: reference supportinginfo.sequence rule
A65: billingnetworkcontractingstatus | B65: ExplanationOfBenefit | C65: supportingInfo | D65: category | H65: 1..1 | I65: CodeableConcept | J65: Classification of the supplied information | K65: 101 | N65: value = 'billingnetworkcontractingstatus'
A66: billingnetworkcontractingstatus | B66: ExplanationOfBenefit | C66: supportingInfo | D66: category | J66: Claim Information Category Codes (Example) | K66: 101
A67: billingnetworkcontractingstatus | B67: ExplanationOfBenefit | C67: supportingInfo | D67: code | H67: 0..1 | I67: CodeableConcept | J67: Type of information | K67: 101 | L67: ='Data Element Index'!$C$253 -> Claim billing provider contracting status
A68: billingnetworkcontractingstatus | B68: ExplanationOfBenefit | C68: supportingInfo | D68: code | J68: Exception Codes (Example) | K68: 101 | L68: ='Data Element Index'!$C$253 -> Claim billing provider contracting status | N68: values: contracted | non-contracted
A69: billingnetworkcontractingstatus | B69: ExplanationOfBenefit | C69: supportingInfo | D69: timing | H69: 0..1 | J69: When it occurred
A70: billingnetworkcontractingstatus | B70: ExplanationOfBenefit | C70: supportingInfo | D70: timing | E70: timingDate | I70: date
A71: billingnetworkcontractingstatus | B71: ExplanationOfBenefit | C71: supportingInfo | D71: timing | E71: timingPeriod | I71: Period
A72: billingnetworkcontractingstatus | B72: ExplanationOfBenefit | C72: supportingInfo | D72: value | H72: 0..1 | J72: Data to be provided
A73: billingnetworkcontractingstatus | B73: ExplanationOfBenefit | C73: supportingInfo | D73: value | E73: valueBoolean | I73: boolean
A74: billingnetworkcontractingstatus | B74: ExplanationOfBenefit | C74: supportingInfo | D74: value | E74: valueString | I74: string
A75: billingnetworkcontractingstatus | B75: ExplanationOfBenefit | C75: supportingInfo | D75: value | E75: valueQuantity | I75: Quantity
A76: billingnetworkcontractingstatus | B76: ExplanationOfBenefit | C76: supportingInfo | D76: value | E76: valueAttachment | I76: Attachment
A77: billingnetworkcontractingstatus | B77: ExplanationOfBenefit | C77: supportingInfo | D77: value | E77: valueReference--> | I77: Reference(Any)
A78: billingnetworkcontractingstatus | B78: ExplanationOfBenefit | C78: supportingInfo | D78: reason | H78: 0..1 | I78: Coding | J78: Explanation for the information
A79: billingnetworkcontractingstatus | B79: ExplanationOfBenefit | C79: supportingInfo | D79: reason | J79: Missing Tooth Reason Codes (Example)
A80: performingnetworkcontractingstatus | B80: ExplanationOfBenefit | C80: supportingInfo | H80: 1..1 | I80: BackboneElement | J80: Supporting information
A81: performingnetworkcontractingstatus | B81: ExplanationOfBenefit | C81: supportingInfo | D81: sequence | H81: 1..1 | I81: positiveInt | J81: Information instance identifier | K81: 101 | N81: reference supportinginfo.sequence rule
A82: performingnetworkcontractingstatus | B82: ExplanationOfBenefit | C82: supportingInfo | D82: category | H82: 1..1 | I82: CodeableConcept | J82: Classification of the supplied information | K82: 101 | N82: value = 'performingnetworkcontractingstatus'
A83: performingnetworkcontractingstatus | B83: ExplanationOfBenefit | C83: supportingInfo | D83: category | J83: Claim Information Category Codes (Example) | K83: 101
A84: performingnetworkcontractingstatus | B84: ExplanationOfBenefit | C84: supportingInfo | D84: code | H84: 0..1 | I84: CodeableConcept | J84: Type of information | K84: 101 | L84: ='Data Element Index'!$C$256 -> Claim performing provider contracting status
A85: performingnetworkcontractingstatus | B85: ExplanationOfBenefit | C85: supportingInfo | D85: code | J85: Exception Codes (Example) | K85: 101 | L85: ='Data Element Index'!$C$256 -> Claim performing provider contracting status | N85: values: contracted | non-contracted
A86: performingnetworkcontractingstatus | B86: ExplanationOfBenefit | C86: supportingInfo | D86: timing | H86: 0..1 | J86: When it occurred
A87: performingnetworkcontractingstatus | B87: ExplanationOfBenefit | C87: supportingInfo | D87: timing | E87: timingDate | I87: date
A88: performingnetworkcontractingstatus | B88: ExplanationOfBenefit | C88: supportingInfo | D88: timing | E88: timingPeriod | I88: Period
A89: performingnetworkcontractingstatus | B89: ExplanationOfBenefit | C89: supportingInfo | D89: value | H89: 0..1 | J89: Data to be provided
A90: performingnetworkcontractingstatus | B90: ExplanationOfBenefit | C90: supportingInfo | D90: value | E90: valueBoolean | I90: boolean
A91: performingnetworkcontractingstatus | B91: ExplanationOfBenefit | C91: supportingInfo | D91: value | E91: valueString | I91: string
A92: performingnetworkcontractingstatus | B92: ExplanationOfBenefit | C92: supportingInfo | D92: value | E92: valueQuantity | I92: Quantity
A93: performingnetworkcontractingstatus | B93: ExplanationOfBenefit | C93: supportingInfo | D93: value | E93: valueAttachment | I93: Attachment
A94: performingnetworkcontractingstatus | B94: ExplanationOfBenefit | C94: supportingInfo | D94: value | E94: valueReference--> | I94: Reference(Any)
A95: performingnetworkcontractingstatus | B95: ExplanationOfBenefit | C95: supportingInfo | D95: reason | H95: 0..1 | I95: Coding | J95: Explanation for the information
A96: performingnetworkcontractingstatus | B96: ExplanationOfBenefit | C96: supportingInfo | D96: reason | J96: Missing Tooth Reason Codes (Example)
A97: clmrecvddate | B97: ExplanationOfBenefit | C97: supportingInfo | H97: 0..1 | I97: BackboneElement | J97: Supporting information
A98: clmrecvddate | B98: ExplanationOfBenefit | C98: supportingInfo | D98: sequence | H98: 1..1 | I98: positiveInt | J98: Information instance identifier | K98: 88 | N98: reference supportinginfo.sequence rule
A99: clmrecvddate | B99: ExplanationOfBenefit | C99: supportingInfo | D99: category | H99: 1..1 | I99: CodeableConcept | J99: Classification of the supplied information | K99: 88 | N99: value = 'clmrecvddate'
A100: clmrecvddate | B100: ExplanationOfBenefit | C100: supportingInfo | D100: category | J100: Claim Information Category Codes (Example)
...

Sheet EOB Pharmacy
A1: Slice | B1: L0 | C1: L1 | D1: L2 | E1: L3 | F1: L4 | G1: Flag | H1: Cardinality | I1: DataType / Value Set | J1: Description | K1: CPCDS MapID | L1: CARIN CPCDS Data Element Name | M1: Cardinality / DataType | N1: Value Set Comments | O1: Working Note
B2: ExplanationOfBenefit | G2: TU | I2: DomainResource | J2: Explanation of Benefit resource
B3: ExplanationOfBenefit | J3: Elements defined in Ancestors: id, meta, implicitRules, language, text, contained, extension, modifierExtension
B4: ExplanationOfBenefit | C4: identifier | H4: 1..* | I4: Identifier | J4: Business Identifier for the resource | K4: 35 | L4: ='Data Element Index'!$C$174 -> RX service reference number
B5: ExplanationOfBenefit | C5: identifier | D5: type | H5: 1..* | I5: CodeableConcept | J5: Description of identifier | K5: ='Data Element Index'!$A$426 -> 183 | L5: ='Data Element Index'!$C$426 -> Claim Identifier Type | M5: [1..1] | N5: value = uc and those in code system Identfiertype
B6: ExplanationOfBenefit | C6: identifier | D6: type | J6: IdentifierType (Extensible) | K6: ='Data Element Index'!$A$426 -> 183 | L6: ='Data Element Index'!$C$426 -> Claim Identifier Type
B7: ExplanationOfBenefit | C7: status | G7: ?!Σ | H7: 1..1 | I7: code | J7: active | cancelled | draft | entered-in-error | K7: 140 | L7: ='Data Element Index'!$C$322 -> Claim processing status code | N7: value = active | cancelled
B8: ExplanationOfBenefit | C8: status | J8: ExplanationOfBenefitStatus (Required) | K8: New
B9: ExplanationOfBenefit | C9: type | G9: Σ | H9: 1..1 | I9: CodeableConcept | J9: Category or discipline | K9: 16 | L9: ='Data Element Index'!$C$45 -> Claim type | N9: values: Pharmacy
B10: ExplanationOfBenefit | C10: type | J10: Claim Type Codes (Extensible) | K10: 16 | L10: ='Data Element Index'!$C$45 -> Claim type | N10: http://terminology.hl7.org/CodeSystem/claim-type | O10: These define the Claims profiles (there is also a Coverage profile).
B11: ExplanationOfBenefit | C11: subtype | H11: 0..1 | I11: CodeableConcept | J11: More granular claim type | K11: ='Data Element Index'!$E$41 -> Removed from scope | M11: [1..1] (CD-CHAR(14)) | N11: values: Pharmacy | O11: CPCDS: Removed from scope
B12: ExplanationOfBenefit | C12: subtype | J12: Example Claim SubType Codes (Example) | K12: ='Data Element Index'!$E$41 -> Removed from scope | M12: [1..1] (CD-CHAR(14))
B13: ExplanationOfBenefit | C13: use | G13: Σ | H13: 1..1 | I13: code | J13: claim | preauthorization | predetermination | K13: New | N13: value = claim
B14: ExplanationOfBenefit | C14: use | J14: Use (Required)
B15: ExplanationOfBenefit | C15: patient--> | G15: Σ | H15: 1..1 | I15: Reference(Patient) | J15: The recipient of the products and services | K15: Ref (1) | L15: ='Data Element Index'!$C$2 -> Member id | O15: Refer to the Implementation Guide for reference Resource support.
B16: ExplanationOfBenefit | C16: billablePeriod | G16: Σ | H16: 0..1 | I16: Period | J16: Relevant time frame for the claim
B17: ExplanationOfBenefit | C17: created | G17: Σ | H17: 1..1 | I17: dateTime | J17: Adjudication date | K17: 179 | L17: ='Data Element Index'!$C$414 -> Adjudication Date | M17: [1..1] (TS8) | O17: Date the claim was adjudicated
B18: ExplanationOfBenefit | C18: enterer--> | H18: 0..1 | I18: Reference(Practitioner | PractitionerRole) | J18: Author of the claim
B19: ExplanationOfBenefit | C19: insurer--> | G19: Σ | H19: 1..1 | I19: Reference(Organization) | J19: Party responsible for reimbursement | K19: Ref (2, 5) | L19: ='Data Element Index'!$C$15 -> Claim payer Identifier | N19: Organization.identifier | O19: Same as insurance.coverage.organization. Party responsible for reimbursing the provider.
B20: ExplanationOfBenefit | C20: insurer--> | G20: Σ | H20: 1..1 | I20: Reference(Organization) | J20: Party responsible for reimbursement | K20: Ref (175) | L20: ='Data Element Index'!$C$397 -> Claim payer Name | N20: Organization.name | O20: Same as insurance.coverage.organization. Party responsible for reimbursing the provider.
B21: ExplanationOfBenefit | C21: provider--> | G21: Σ | H21: 1..1 | I21: Reference(Practitioner | Organization) | J21: Party responsible for the claim | K21: Ref (94) | L21: ='Data Element Index'!$C$232 -> Claim billing provider NPI
B22: ExplanationOfBenefit | C22: provider--> | G22: Σ | H22: 1..1 | I22: Reference(Organization) | J22: Party responsible for the claim | K22: Ref (167) | L22: ='Data Element Index'!$C$369 -> Claim billing provider name
B23: ExplanationOfBenefit | C23: priority | H23: 0..1 | I23: CodeableConcept | J23: Desired processing urgency
B24: ExplanationOfBenefit | C24: priority | J24: ProcessPriority
B25: ExplanationOfBenefit | C25: fundsReservedRequested | H25: 0..1 | I25: CodeableConcept | J25: For whom to reserve funds
B26: ExplanationOfBenefit | C26: fundsReservedRequested | J26: FundsReserve (Example)
B27: ExplanationOfBenefit | C27: fundsReserve | H27: 0..1 | I27: CodeableConcept | J27: Funds reserved status
B28: ExplanationOfBenefit | C28: fundsReserve | J28: FundsReserve (Example)
B29: ExplanationOfBenefit | C29: related | H29: 0..* | I29: BackboneElement | J29: Prior or corollary claims | K29: 111, 112 | L29: Claim adjusted from identifier Claim adjusted to identifier
B30: ExplanationOfBenefit | C30: related | D30: claim--> | H30: 0..1 | I30: Reference(Claim) | J30: Reference to the related claim
B31: ExplanationOfBenefit | C31: related | D31: relationship | H31: 0..1 | I31: CodeableConcept | J31: How the reference claim is related | K31: New(111, 112)
B32: ExplanationOfBenefit | C32: related | D32: relationship | J32: Example Related Claim Relationship Codes (Example) | K32: New(111, 112) | N32: values set Example Related Claim Relationship Codes prior | replaced by request adding replaced by or merged
B33: ExplanationOfBenefit | C33: related | D33: reference | H33: 0..1 | I33: Identifier | J33: File or case reference | K33: 111, 112
B34: ExplanationOfBenefit | C34: prescription--> | H34: 0..1 | I34: Reference(MedicationRequest| VisionPrescription) | J34: Prescription authorizing services or products
B35: ExplanationOfBenefit | C35: originalPrescription--> | H35: 0..1 | I35: Reference(MedicationRequest) | J35: Original prescription if superceded by fulfiller
B36: ExplanationOfBenefit | C36: payee | H36: 1..1 | I36: BackboneElement | J36: Recipient of benefits payable | K36: 120
B37: ExplanationOfBenefit | C37: payee | D37: type | H37: 1..1 | I37: CodeableConcept | J37: Category of recipient | K37: 120 | L37: ='Data Element Index'!$C$297 -> Claim payee type code
B38: ExplanationOfBenefit | C38: payee | D38: type | J38: PayeeType (Required) | K38: 120 | L38: ='Data Element Index'!$C$294 -> Claim payee type code | N38: subscriber | provider | beneficiary | other
B39: ExplanationOfBenefit | C39: payee | D39: party--> | H39: 1..1 | I39: Reference(Organization | Practioner | Patient) | J39: Recipient reference | K39: Ref (121) | L39: ='Data Element Index'!$C$299 -> Claim payee
B40: ExplanationOfBenefit | C40: referral--> | H40: 0..1 | I40: Reference(ServiceRequest) | J40: Treatment Referral
B41: ExplanationOfBenefit | C41: facility--> | H41: 0..1 | I41: Reference(Location) | J41: Servicing Facility
B42: ExplanationOfBenefit | C42: claim--> | H42: 0..1 | I42: Reference(Claim) | J42: Claim reference
B43: ExplanationOfBenefit | C43: claimResponse--> | H43: 0..1 | I43: Reference(ClaimResponse) | J43: Claim response reference
B44: ExplanationOfBenefit | C44: outcome | G44: Σ | H44: 1..1 | I44: code | J44: queued | complete | error | partial | K44: New | N44: value = complete
B45: ExplanationOfBenefit | C45: outcome | J45: Claim Processing Codes (Required) | K45: New
B46: ExplanationOfBenefit | C46: disposition | H46: 0..1 | I46: string | J46: Disposition Message
B47: ExplanationOfBenefit | C47: preAuthRef | H47: 0..* | I47: string | J47: Preauthorization reference
B48: ExplanationOfBenefit | C48: preAuthRefPeriod | H48: 0..* | I48: Period | J48: Preauthorization in-effect period
B49: ExplanationOfBenefit | C49: careTeam | H49: 0..* | I49: BackboneElement | J49: Care Team members
B50: ExplanationOfBenefit | C50: careTeam | D50: sequence | H50: 1..1 | I50: positiveInt | J50: Order of care team | K50: new | O50: reference careTeam.sequence rule
B51: ExplanationOfBenefit | C51: careTeam | D51: provider--> | H51: 1..1 | I51: Reference(Practitioner) | J51: Practitioner | K51: Ref (96, 122) | L51: Provider NPIs | M51: =Practitioner!$M$5 -> [1..1] CHAR(10)
B52: ExplanationOfBenefit | C52: careTeam | D52: provider--> | H52: 1..1 | I52: Reference(Practitioner) | J52: Practitioner | K52: Ref (169, 172) | L52: Provider Names
B53: ExplanationOfBenefit | C53: careTeam | D53: responsible | H53: 0..1 | I53: boolean | J53: Indicator of the lead practitioner
B54: ExplanationOfBenefit | C54: careTeam | D54: role | H54: 1..1 | I54: CodeableConcept | J54: Function within the team | K54: 165 | L54: ='Data Element Index'!$C$365 -> Care Team Role
B55: ExplanationOfBenefit | C55: careTeam | D55: role | J55: Claim Care Team Role Codes (Example) | K55: 165 | L55: ='Data Element Index'!$C$365 -> Care Team Role | N55: values: performing | pcp | prescribing
B56: ExplanationOfBenefit | C56: careTeam | D56: qualification | H56: 0..1 | I56: CodeableConcept | J56: Practitioner credential or specialization
B57: ExplanationOfBenefit | C57: careTeam | D57: qualification | J57: Example Provider Qualification Codes (Example)
A58: billingnetworkcontractingstatus | B58: ExplanationOfBenefit | C58: supportingInfo | H58: 0..1 | I58: BackboneElement | J58: Supporting information
A59: billingnetworkcontractingstatus | B59: ExplanationOfBenefit | C59: supportingInfo | D59: sequence | H59: 1..1 | I59: positiveInt | J59: Information instance identifier | K59: 101 | N59: reference supportinginfo.sequence rule
A60: billingnetworkcontractingstatus | B60: ExplanationOfBenefit | C60: supportingInfo | D60: category | H60: 1..1 | I60: CodeableConcept | J60: Classification of the supplied information | K60: 101 | N60: value = 'billingnetworkcontractingstatus'
A61: billingnetworkcontractingstatus | B61: ExplanationOfBenefit | C61: supportingInfo | D61: category | J61: Claim Information Category Codes (Example) | K61: 101
A62: billingnetworkcontractingstatus | B62: ExplanationOfBenefit | C62: supportingInfo | D62: code | H62: 0..1 | I62: CodeableConcept | J62: Type of information | K62: 101 | L62: ='Data Element Index'!$C$254 -> Claim billing provider contracting status
A63: billingnetworkcontractingstatus | B63: ExplanationOfBenefit | C63: supportingInfo | D63: code | J63: Exception Codes (Example) | K63: 101 | L63: ='Data Element Index'!$C$254 -> Claim billing provider contracting status | N63: values: contracted | non-contracted
A64: billingnetworkcontractingstatus | B64: ExplanationOfBenefit | C64: supportingInfo | D64: timing | H64: 0..1 | J64: When it occurred
A65: billingnetworkcontractingstatus | B65: ExplanationOfBenefit | C65: supportingInfo | D65: timing | E65: timingDate | I65: date
A66: billingnetworkcontractingstatus | B66: ExplanationOfBenefit | C66: supportingInfo | D66: timing | E66: timingPeriod | I66: Period
A67: billingnetworkcontractingstatus | B67: ExplanationOfBenefit | C67: supportingInfo | D67: value | H67: 0..1 | J67: Data to be provided
A68: billingnetworkcontractingstatus | B68: ExplanationOfBenefit | C68: supportingInfo | D68: value | E68: valueBoolean | I68: boolean
A69: billingnetworkcontractingstatus | B69: ExplanationOfBenefit | C69: supportingInfo | D69: value | E69: valueString | I69: string
A70: billingnetworkcontractingstatus | B70: ExplanationOfBenefit | C70: supportingInfo | D70: value | E70: valueQuantity | I70: Quantity
A71: billingnetworkcontractingstatus | B71: ExplanationOfBenefit | C71: supportingInfo | D71: value | E71: valueAttachment | I71: Attachment
A72: billingnetworkcontractingstatus | B72: ExplanationOfBenefit | C72: supportingInfo | D72: value | E72: valueReference--> | I72: Reference(Any)
A73: billingnetworkcontractingstatus | B73: ExplanationOfBenefit | C73: supportingInfo | D73: reason | H73: 0..1 | I73: Coding | J73: Explanation for the information
A74: billingnetworkcontractingstatus | B74: ExplanationOfBenefit | C74: supportingInfo | D74: reason | J74: Missing Tooth Reason Codes (Example)
A75: clmrecvddate | B75: ExplanationOfBenefit | C75: supportingInfo | H75: 0..1 | I75: BackboneElement | J75: Supporting information
A76: clmrecvddate | B76: ExplanationOfBenefit | C76: supportingInfo | D76: sequence | H76: 1..1 | I76: positiveInt | J76: Information instance identifier | K76: 88 | N76: reference supportinginfo.sequence rule
A77: clmrecvddate | B77: ExplanationOfBenefit | C77: supportingInfo | D77: category | H77: 1..1 | I77: CodeableConcept | J77: Classification of the supplied information | K77: 88 | N77: value = 'clmrecvddate'
A78: clmrecvddate | B78: ExplanationOfBenefit | C78: supportingInfo | D78: category | J78: Claim Information Category Codes (Example)
A79: clmrecvddate | B79: ExplanationOfBenefit | C79: supportingInfo | D79: code | H79: 0..1 | I79: CodeableConcept | J79: Type of information
A80: clmrecvddate | B80: ExplanationOfBenefit | C80: supportingInfo | D80: code | J80: Exception Codes (Example)
A81: clmrecvddate | B81: ExplanationOfBenefit | C81: supportingInfo | D81: timing | H81: 0..1 | J81: When it occurred
A82: clmrecvddate | B82: ExplanationOfBenefit | C82: supportingInfo | D82: timing | E82: timingDate | I82: date | K82: 88 | L82: ='Data Element Index'!$C$214 -> Claim received date | M82: [1..1] (TS8)
A83: clmrecvddate | B83: ExplanationOfBenefit | C83: supportingInfo | D83: timing | E83: timingPeriod | I83: Period
A84: clmrecvddate | B84: ExplanationOfBenefit | C84: supportingInfo | D84: value | H84: 0..1 | J84: Data to be provided
A85: clmrecvddate | B85: ExplanationOfBenefit | C85: supportingInfo | D85: value | E85: valueBoolean | I85: boolean
A86: clmrecvddate | B86: ExplanationOfBenefit | C86: supportingInfo | D86: value | E86: valueString | I86: string
A87: clmrecvddate | B87: ExplanationOfBenefit | C87: supportingInfo | D87: value | E87: valueQuantity | I87: Quantity
A88: clmrecvddate | B88: ExplanationOfBenefit | C88: supportingInfo | D88: value | E88: valueAttachment | I88: Attachment
A89: clmrecvddate | B89: ExplanationOfBenefit | C89: supportingInfo | D89: value | E89: valueReference--> | I89: Reference(Any)
A90: clmrecvddate | B90: ExplanationOfBenefit | C90: supportingInfo | D90: reason | H90: 0..1 | I90: Coding | J90: Explanation for the information
A91: clmrecvddate | B91: ExplanationOfBenefit | C91: supportingInfo | D91: reason | J91: Missing Tooth Reason Codes (Example)
A92: dayssupply | B92: ExplanationOfBenefit | C92: supportingInfo | H92: 1..1 | I92: BackboneElement | J92: Supporting information
A93: dayssupply | B93: ExplanationOfBenefit | C93: supportingInfo | D93: sequence | H93: 1..1 | I93: positiveInt | J93: Information instance identifier | K93: 77 | N93: reference supportinginfo.sequence rule
A94: dayssupply | B94: ExplanationOfBenefit | C94: supportingInfo | D94: category | H94: 1..1 | I94: CodeableConcept | J94: Classification of the supplied information | K94: 77 | N94: value = 'dayssupply'
A95: dayssupply | B95: ExplanationOfBenefit | C95: supportingInfo | D95: category | J95: Claim Information Category Codes (Example)
A96: dayssupply | B96: ExplanationOfBenefit | C96: supportingInfo | D96: code | H96: 0..1 | I96: CodeableConcept | J96: Type of information
A97: dayssupply | B97: ExplanationOfBenefit | C97: supportingInfo | D97: code | J97: Exception Codes (Example)
A98: dayssupply | B98: ExplanationOfBenefit | C98: supportingInfo | D98: timing | H98: 0..1 | J98: When it occurred
A99: dayssupply | B99: ExplanationOfBenefit | C99: supportingInfo | D99: timing | E99: timingDate | I99: date
A100: dayssupply | B100: ExplanationOfBenefit | C100: supportingInfo | D100: timing | E100: timingPeriod | I100: Period
...

Sheet EOB Oral
A1: Slice | B1: L0 | C1: L1 | D1: L2 | E1: L3 | F1: L4 | G1: Flag | H1: Cardinality | I1: DataType / Value Set | J1: Description | K1: CPCDS MapID | L1: CARIN CPCDS Data Element Name | M1: Cardinality / DataType | N1: Value Set Comments | O1: Working Note
B2: ExplanationOfBenefit | G2: TU | I2: DomainResource | J2: Explanation of Benefit resource
B3: ExplanationOfBenefit | J3: Elements defined in Ancestors: id, meta, implicitRules, language, text, contained, extension, modifierExtension
B4: ExplanationOfBenefit | C4: identifier | H4: 1..* | I4: Identifier | J4: Business Identifier for the resource | K4: ='Data Element Index'!$A$175 -> 35 | L4: ='Data Element Index'!$C$175 -> Payer claim unique identifier
B5: ExplanationOfBenefit | C5: identifier | D5: type | H5: 1..* | I5: CodeableConcept | J5: Description of identifier | K5: ='Data Element Index'!$A$427 -> 183 | L5: ='Data Element Index'!$C$427 -> Claim Identifier Type | M5: [1..1] | N5: value = uc and those in code system Identfiertype
B6: ExplanationOfBenefit | C6: identifier | D6: type | J6: IdentifierType (Extensible) | K6: ='Data Element Index'!$A$427 -> 183 | L6: ='Data Element Index'!$C$427 -> Claim Identifier Type
B7: ExplanationOfBenefit | C7: status | G7: ?!Σ | H7: 1..1 | I7: code | J7: active | cancelled | draft | entered-in-error | K7: ='Data Element Index'!$A$323 -> 140 | L7: ='Data Element Index'!$C$323 -> Claim processing status code | N7: value = active | cancelled
B8: ExplanationOfBenefit | C8: status | J8: ExplanationOfBenefitStatus (Required) | K8: New
B9: ExplanationOfBenefit | C9: type | G9: Σ | H9: 1..1 | I9: CodeableConcept | J9: Category or discipline | K9: ='Data Element Index'!$A$46 -> 16 | L9: ='Data Element Index'!$C$46 -> Claim type | N9: values: oral
B10: ExplanationOfBenefit | C10: type | J10: Claim Type Codes (Extensible) | K10: ='Data Element Index'!$A$46 -> 16 | L10: ='Data Element Index'!$C$46 -> Claim type | N10: http://terminology.hl7.org/CodeSystem/claim-type | O10: These define the Claims profiles (there is also a Coverage profile).
B11: ExplanationOfBenefit | C11: subtype | H11: 0..1 | I11: CodeableConcept | J11: More granular claim type
B12: ExplanationOfBenefit | C12: subtype | J12: Example Claim SubType Codes (Example)
B13: ExplanationOfBenefit | C13: use | G13: Σ | H13: 1..1 | I13: code | J13: claim | preauthorization | predetermination | K13: New | N13: value = claim
B14: ExplanationOfBenefit | C14: use | J14: Use (Required)
B15: ExplanationOfBenefit | C15: patient--> | G15: Σ | H15: 1..1 | I15: Reference(Patient) | J15: The recipient of the products and services | K15: Ref (1) | L15: ='Data Element Index'!$C$2 -> Member id | O15: Refer to the Implementation Guide for reference Resource support.
B16: ExplanationOfBenefit | C16: billablePeriod | G16: Σ | H16: 0..1 | I16: Period | J16: Relevant time frame for the claim | K16: 177, 178 | L16: Statement From Date Statement Through Date | M16: [1..1] (TS8) | N16: period.start period.end
B17: ExplanationOfBenefit | C17: created | G17: Σ | H17: 1..1 | I17: dateTime | J17: Adjudication date | K17: ='Data Element Index'!$A$415 -> 179 | L17: ='Data Element Index'!$C$415 -> Adjudication Date | M17: [1..1] (TS8) | O17: Date the claim was adjudicated
B18: ExplanationOfBenefit | C18: enterer--> | H18: 0..1 | I18: Reference(Practitioner | PractitionerRole) | J18: Author of the claim
B19: ExplanationOfBenefit | C19: insurer--> | G19: Σ | H19: 1..1 | I19: Reference(Organization) | J19: Party responsible for reimbursement | K19: Ref (2, 5) | L19: ='Data Element Index'!$C$17 -> Claim payer Identifier | N19: Organization.identifier | O19: Same as insurance.coverage.organization. Party responsible for reimbursing the provider.
B20: ExplanationOfBenefit | C20: insurer--> | G20: Σ | H20: 1..1 | I20: Reference(Organization) | J20: Party responsible for reimbursement | K20: Ref (175) | L20: ='Data Element Index'!$C$399 -> Claim payer Name | N20: Organization.name | O20: Same as insurance.coverage.organization. Party responsible for reimbursing the provider.
B21: ExplanationOfBenefit | C21: provider--> | G21: Σ | H21: 1..1 | I21: Reference(PractionerRole) | J21: Party responsible for the claim | M21: [0..1] (CD-CHAR(5)) | N21: Organization.address.zipcode
B22: ExplanationOfBenefit | C22: provider--> | G22: Σ | H22: 1..1 | I22: Reference(Practitioner | Organization) | J22: Party responsible for the claim | K22: Ref (94) | L22: ='Data Element Index'!$C$236 -> Claim billing provider NPI
B23: ExplanationOfBenefit | C23: provider--> | G23: Σ | H23: 1..1 | I23: Reference(Practitioner | Organization) | J23: Party responsible for the claim | K23: Ref (167) | L23: ='Data Element Index'!$C$373 -> Claim billing provider name
B24: ExplanationOfBenefit | C24: priority | H24: 0..1 | I24: CodeableConcept | J24: Desired processing urgency
B25: ExplanationOfBenefit | C25: priority | J25: ProcessPriority
B26: ExplanationOfBenefit | C26: fundsReservedRequested | H26: 0..1 | I26: CodeableConcept | J26: For whom to reserve funds
B27: ExplanationOfBenefit | C27: fundsReservedRequested | J27: FundsReserve (Example)
B28: ExplanationOfBenefit | C28: fundsReserve | H28: 0..1 | I28: CodeableConcept | J28: Funds reserved status
B29: ExplanationOfBenefit | C29: fundsReserve | J29: FundsReserve (Example)
B30: ExplanationOfBenefit | C30: related | H30: 0..* | I30: BackboneElement | J30: Prior or corollary claims | K30: 111, 112 | L30: Claim adjusted from identifier Claim adjusted to identifier
B31: ExplanationOfBenefit | C31: related | D31: claim--> | H31: 0..1 | I31: Reference(Claim) | J31: Reference to the related claim
B32: ExplanationOfBenefit | C32: related | D32: relationship | H32: 0..1 | I32: CodeableConcept | J32: How the reference claim is related | K32: New(111, 112)
B33: ExplanationOfBenefit | C33: related | D33: relationship | J33: Example Related Claim Relationship Codes (Example) | K33: New(111, 112) | N33: values set Example Related Claim Relationship Codes prior | replaced by request adding replaced by or merged
B34: ExplanationOfBenefit | C34: related | D34: reference | H34: 0..1 | I34: Identifier | J34: File or case reference | K34: 111, 112
B35: ExplanationOfBenefit | C35: prescription--> | H35: 0..1 | I35: Reference(MedicationRequest| VisionPrescription) | J35: Prescription authorizing services or products
B36: ExplanationOfBenefit | C36: originalPrescription--> | H36: 0..1 | I36: Reference(MedicationRequest) | J36: Original prescription if superceded by fulfiller
B37: ExplanationOfBenefit | C37: payee | H37: 1..1 | I37: BackboneElement | J37: Recipient of benefits payable | K37: ='Data Element Index'!$A$298 -> 120
B38: ExplanationOfBenefit | C38: payee | D38: type | H38: 1..1 | I38: CodeableConcept | J38: Category of recipient | K38: ='Data Element Index'!$A$298 -> 120 | L38: ='Data Element Index'!$C$298 -> Claim payee type code
B39: ExplanationOfBenefit | C39: payee | D39: type | J39: PayeeType (Required) | K39: ='Data Element Index'!$A$298 -> 120 | L39: ='Data Element Index'!$C$298 -> Claim payee type code | N39: subscriber | provider | beneficiary | other
B40: ExplanationOfBenefit | C40: payee | D40: party--> | H40: 1..1 | I40: Reference(Organization | Practioner | Patient) | J40: Recipient reference | K40: Ref (121) | L40: ='Data Element Index'!$C$303 -> Claim payee
B41: ExplanationOfBenefit | C41: referral--> | H41: 0..1 | I41: Reference(ServiceRequest) | J41: Treatment Referral
B42: ExplanationOfBenefit | C42: facility--> | H42: 0..1 | I42: Reference(Location) | J42: Servicing Facility
B43: ExplanationOfBenefit | C43: claim--> | H43: 0..1 | I43: Reference(Claim) | J43: Claim reference
B44: ExplanationOfBenefit | C44: claimResponse--> | H44: 0..1 | I44: Reference(ClaimResponse) | J44: Claim response reference
B45: ExplanationOfBenefit | C45: outcome | G45: Σ | H45: 1..1 | I45: code | J45: queued | complete | error | partial | K45: New | N45: value = complete
B46: ExplanationOfBenefit | C46: outcome | J46: Claim Processing Codes (Required) | K46: New
B47: ExplanationOfBenefit | C47: disposition | H47: 0..1 | I47: string | J47: Disposition Message
B48: ExplanationOfBenefit | C48: preAuthRef | H48: 0..* | I48: string | J48: Preauthorization reference
B49: ExplanationOfBenefit | C49: preAuthRefPeriod | H49: 0..* | I49: Period | J49: Preauthorization in-effect period
B50: ExplanationOfBenefit | C50: careTeam | H50: 0..* | I50: BackboneElement | J50: Care Team members
B51: ExplanationOfBenefit | C51: careTeam | D51: sequence | H51: 1..1 | I51: positiveInt | J51: Order of care team | K51: new | O51: reference careTeam.sequence rule
B52: ExplanationOfBenefit | C52: careTeam | D52: provider--> | H52: 1..1 | I52: Reference(Practitioner) | J52: Practitioner | K52: Ref (95, 96, 99) | L52: Provider rendering, PCP and referring NPIs | M52: =Practitioner!$M$5 -> [1..1] CHAR(10)
B53: ExplanationOfBenefit | C53: careTeam | D53: provider--> | H53: 1..1 | I53: Reference(Practitioner) | J53: Practitioner | K53: Ref (168, 170) | L53: Provider rendering and referring names
B54: ExplanationOfBenefit | C54: careTeam | D54: responsible | H54: 0..1 | I54: boolean | J54: Indicator of the lead practitioner
B55: ExplanationOfBenefit | C55: careTeam | D55: role | H55: 1..1 | I55: CodeableConcept | J55: Function within the team | K55: ='Data Element Index'!$A$366 -> 165 | L55: ='Data Element Index'!$C$366 -> Care Team Role
B56: ExplanationOfBenefit | C56: careTeam | D56: role | J56: Claim Care Team Role Codes (Example) | K56: ='Data Element Index'!$A$366 -> 165 | L56: ='Data Element Index'!$C$366 -> Care Team Role | N56: values: performing | referring
B57: ExplanationOfBenefit | C57: careTeam | D57: qualification | H57: 0..1 | I57: CodeableConcept | J57: Practitioner credential or specialization | K57: ='Data Element Index'!$A$198 -> 47 | L57: ='Data Element Index'!$C$198 -> Provider Taxonomy
B58: ExplanationOfBenefit | C58: careTeam | D58: qualification | J58: Example Provider Qualification Codes (Example) | K58: ='Data Element Index'!$A$198 -> 47 | L58: ='Data Element Index'!$C$198 -> Provider Taxonomy | N58: https://www.hl7.org/fhir/us/core/ValueSet-us-core-provider-specialty.html | O58: map Provider Taxonomy to careTeam.qualification when careTeam.role = performing
B59: ExplanationOfBenefit | C59: supportingInfo | H59: 0..* | I59: BackboneElement | J59: Supporting information
B60: ExplanationOfBenefit | C60: supportingInfo | D60: sequence | H60: 1..1 | I60: positiveInt | J60: Information instance identifier
B61: ExplanationOfBenefit | C61: supportingInfo | D61: category | H61: 1..1 | I61: CodeableConcept | J61: Classification of the supplied information
B62: ExplanationOfBenefit | C62: supportingInfo | D62: category | J62: Claim Information Category Codes (Example)
A63: billingnetworkcontractingstatus | B63: ExplanationOfBenefit | C63: supportingInfo | H63: 1..1 | I63: BackboneElement | J63: Supporting information
A64: billingnetworkcontractingstatus | B64: ExplanationOfBenefit | C64: supportingInfo | D64: sequence | H64: 1..1 | I64: positiveInt | J64: Information instance identifier | K64: ='Data Element Index'!$A$255 -> 101 | N64: reference supportinginfo.sequence rule
A65: billingnetworkcontractingstatus | B65: ExplanationOfBenefit | C65: supportingInfo | D65: category | H65: 1..1 | I65: CodeableConcept | J65: Classification of the supplied information | K65: ='Data Element Index'!$A$255 -> 101 | N65: value = 'billingnetworkcontractingstatus'
A66: billingnetworkcontractingstatus | B66: ExplanationOfBenefit | C66: supportingInfo | D66: category | J66: Claim Information Category Codes (Example) | K66: ='Data Element Index'!$A$255 -> 101
A67: billingnetworkcontractingstatus | B67: ExplanationOfBenefit | C67: supportingInfo | D67: code | H67: 0..1 | I67: CodeableConcept | J67: Type of information | K67: ='Data Element Index'!$A$255 -> 101 | L67: ='Data Element Index'!$C$255 -> Claim billing provider contracting status
A68: billingnetworkcontractingstatus | B68: ExplanationOfBenefit | C68: supportingInfo | D68: code | J68: Exception Codes (Example) | K68: ='Data Element Index'!$A$255 -> 101 | L68: ='Data Element Index'!$C$255 -> Claim billing provider contracting status | N68: values: contracted | non-contracted
A69: billingnetworkcontractingstatus | B69: ExplanationOfBenefit | C69: supportingInfo | D69: timing | H69: 0..1 | J69: When it occurred
A70: billingnetworkcontractingstatus | B70: ExplanationOfBenefit | C70: supportingInfo | D70: timing | E70: timingDate | I70: date
A71: billingnetworkcontractingstatus | B71: ExplanationOfBenefit | C71: supportingInfo | D71: timing | E71: timingPeriod | I71: Period
A72: billingnetworkcontractingstatus | B72: ExplanationOfBenefit | C72: supportingInfo | D72: value | H72: 0..1 | J72: Data to be provided
A73: billingnetworkcontractingstatus | B73: ExplanationOfBenefit | C73: supportingInfo | D73: value | E73: valueBoolean | I73: boolean
A74: billingnetworkcontractingstatus | B74: ExplanationOfBenefit | C74: supportingInfo | D74: value | E74: valueString | I74: string
A75: billingnetworkcontractingstatus | B75: ExplanationOfBenefit | C75: supportingInfo | D75: value | E75: valueQuantity | I75: Quantity
A76: billingnetworkcontractingstatus | B76: ExplanationOfBenefit | C76: supportingInfo | D76: value | E76: valueAttachment | I76: Attachment
A77: billingnetworkcontractingstatus | B77: ExplanationOfBenefit | C77: supportingInfo | D77: value | E77: valueReference--> | I77: Reference(Any)
A78: billingnetworkcontractingstatus | B78: ExplanationOfBenefit | C78: supportingInfo | D78: reason | H78: 0..1 | I78: Coding | J78: Explanation for the information
A79: billingnetworkcontractingstatus | B79: ExplanationOfBenefit | C79: supportingInfo | D79: reason | J79: Missing Tooth Reason Codes (Example)
A80: performingnetworkcontractingstatus | B80: ExplanationOfBenefit | C80: supportingInfo | H80: 1..1 | I80: BackboneElement | J80: Supporting information
A81: performingnetworkcontractingstatus | B81: ExplanationOfBenefit | C81: supportingInfo | D81: sequence | H81: 1..1 | I81: positiveInt | J81: Information instance identifier | K81: ='Data Element Index'!$A$257 -> 101 | N81: reference supportinginfo.sequence rule
A82: performingnetworkcontractingstatus | B82: ExplanationOfBenefit | C82: supportingInfo | D82: category | H82: 1..1 | I82: CodeableConcept | J82: Classification of the supplied information | K82: ='Data Element Index'!$A$257 -> 101 | N82: value = 'performingnetworkcontractingstatus'
A83: performingnetworkcontractingstatus | B83: ExplanationOfBenefit | C83: supportingInfo | D83: category | J83: Claim Information Category Codes (Example) | K83: ='Data Element Index'!$A$257 -> 101
A84: performingnetworkcontractingstatus | B84: ExplanationOfBenefit | C84: supportingInfo | D84: code | H84: 0..1 | I84: CodeableConcept | J84: Type of information | K84: ='Data Element Index'!$A$257 -> 101 | L84: ='Data Element Index'!$C$257 -> Claim performing provider contracting status
A85: performingnetworkcontractingstatus | B85: ExplanationOfBenefit | C85: supportingInfo | D85: code | J85: Exception Codes (Example) | K85: ='Data Element Index'!$A$257 -> 101 | L85: ='Data Element Index'!$C$257 -> Claim performing provider contracting status | N85: values: contracted | non-contracted
A86: performingnetworkcontractingstatus | B86: ExplanationOfBenefit | C86: supportingInfo | D86: timing | H86: 0..1 | J86: When it occurred
A87: performingnetworkcontractingstatus | B87: ExplanationOfBenefit | C87: supportingInfo | D87: timing | E87: timingDate | I87: date
A88: performingnetworkcontractingstatus | B88: ExplanationOfBenefit | C88: supportingInfo | D88: timing | E88: timingPeriod | I88: Period
A89: performingnetworkcontractingstatus | B89: ExplanationOfBenefit | C89: supportingInfo | D89: value | H89: 0..1 | J89: Data to be provided
A90: performingnetworkcontractingstatus | B90: ExplanationOfBenefit | C90: supportingInfo | D90: value | E90: valueBoolean | I90: boolean
A91: performingnetworkcontractingstatus | B91: ExplanationOfBenefit | C91: supportingInfo | D91: value | E91: valueString | I91: string
A92: performingnetworkcontractingstatus | B92: ExplanationOfBenefit | C92: supportingInfo | D92: value | E92: valueQuantity | I92: Quantity
A93: performingnetworkcontractingstatus | B93: ExplanationOfBenefit | C93: supportingInfo | D93: value | E93: valueAttachment | I93: Attachment
A94: performingnetworkcontractingstatus | B94: ExplanationOfBenefit | C94: supportingInfo | D94: value | E94: valueReference--> | I94: Reference(Any)
A95: performingnetworkcontractingstatus | B95: ExplanationOfBenefit | C95: supportingInfo | D95: reason | H95: 0..1 | I95: Coding | J95: Explanation for the information
A96: performingnetworkcontractingstatus | B96: ExplanationOfBenefit | C96: supportingInfo | D96: reason | J96: Missing Tooth Reason Codes (Example)
A97: clmrecvddate | B97: ExplanationOfBenefit | C97: supportingInfo | H97: 0..1 | I97: BackboneElement | J97: Supporting information
A98: clmrecvddate | B98: ExplanationOfBenefit | C98: supportingInfo | D98: sequence | H98: 1..1 | I98: positiveInt | J98: Information instance identifier | K98: ='Data Element Index'!$A$215 -> 88 | L98: ='Data Element Index'!$C$215 -> Claim received date | N98: reference supportinginfo.sequence rule
A99: clmrecvddate | B99: ExplanationOfBenefit | C99: supportingInfo | D99: category | H99: 1..1 | I99: CodeableConcept | J99: Classification of the supplied information | K99: ='Data Element Index'!$A$215 -> 88 | L99: ='Data Element Index'!$C$215 -> Claim received date | N99: value = 'clmrecvddate'
A100: clmrecvddate | B100: ExplanationOfBenefit | C100: supportingInfo | D100: category | J100: Claim Information Category Codes (Example)
...

Sheet Patient
A1: Slice | B1: L0 | C1: L1 | D1: L2 | E1: L3 | F1: L4 | G1: Flag | H1: Cardinality | I1: DataType / Value Set | J1: Description | K1: CPCDS MapID | L1: CPCDS Data Element Name | M1: Cardinality / DataType | N1: Value Set Comments | O1: Working Note All profiling is based on StructureDefinition-us-core-patient. See notes in the Rules tab regarding multiple paths to this Resource
B2: Patient | G2: N | I2: DomainResource | J2: Information about an individual or animal receiving health care services
B3: Patient | J3: Elements defined in Ancestors: id, meta, implicitRules, language, text, contained, extension, modifierExtension
B4: Patient | C4: extension | H4: 0..1 | I4: anonymous complex | J4: The race of the patient | K4: 128 | L4: ='Data Element Index'!$C$310 -> Race Code
B5: Patient | C5: extension | D5: extension | H5: 0..5 | I5: Extension | K5: 128 | N5: uri "ombCategory" valueCoding from OMB Race Categories
B6: Patient | C6: extension | D6: extension | H6: 0..* | I6: Extension | K6: 128 | N6: uri "detailed" valueCoding from Detailed Race
B7: Patient | C7: extension | D7: extension | H7: 1..1 | I7: Extension | K7: 128 | N7: uri "text" valueString
B8: Patient | C8: extension | D8: uri | H8: 1..1 | I8: uri | K8: 128 | N8: http://hl7.org/fhir/us/core/StructureDefinition/us-core-race
B9: Patient | C9: extension | D9: extension | H9: 0..1 | I9: anonymous complex | J9: The ethnicity of the patient | K9: 129 | L9: ='Data Element Index'!$C$311 -> Ethnicity
B10: Patient | C10: extension | D10: extension | H10: 0..1 | I10: Extension | K10: 129 | N10: uri "ombCategory" valueCoding from OMB Ethnicity Categories
B11: Patient | C11: extension | D11: extension | H11: 0..* | I11: Extension | K11: 129 | N11: uri "detailed" valueCoding from Detailed ethnicity
B12: Patient | C12: extension | D12: extension | H12: 1..1 | I12: Extension | K12: 129 | N12: uri "text" valueString
B13: Patient | C13: extension | D13: uri | H13: 1..1 | I13: uri | K13: 129 | N13: http://hl7.org/fhir/us/core/StructureDefinition/us-core-ethnicity
B14: Patient | C14: extension | D14: extension | H14: 0..1 | I14: code | J14: The sex of the patient at birth | K14: 153 | L14: ='Data Element Index'!$C$349 -> Birth sex | N14: uri "http://hl7.org/fhir/us/core/StructureDefinition/us-core-birthsex" valueCode from Birth Sex
A15: Unique Member ID | B15: Patient | C15: identifier | G15: Σ | H15: 0..* | I15: Identifier | J15: An identifier for this patient | K15: ='Data Element Index'!$A$450 -> 191 | L15: ='Data Element Index'!$C$450 -> Unique Member ID
A16: MemberID | B16: Patient | C16: identifier | G16: Σ | H16: 1..* | I16: Identifier | J16: An identifier for this patient | K16: ='Data Element Index'!$A$2 -> 1 | L16: ='Data Element Index'!$C$2 -> Member id
B17: Patient | C17: identifier | D17: type | H17: 1..* | I17: CodeableConcept | J17: Description of identifier | K17: ='Data Element Index'!$A$428 -> 184 | L17: ='Data Element Index'!$C$428 -> Patient Identifier Type | M17: [1..1] | N17: values = um | pat | mb | mr and those in code system Identfiertype
B18: Patient | C18: identifier | D18: type | J18: IdentifierType (Extensible) | K18: ='Data Element Index'!$A$428 -> 184 | L18: ='Data Element Index'!$C$428 -> Patient Identifier Type
B19: Patient | C19: active | G19: ?!Σ | H19: 0..1 | I19: boolean | J19: Whether this patient's record is in active use
B20: Patient | C20: name | G20: Σ | H20: 1..* | I20: HumanName | J20: A name associated with the patient | K20: 130 | L20: ='Data Element Index'!$C$312 -> Patient Name
B21: Patient | C21: telecom | G21: Σ | H21: 0..* | I21: ContactPoint | J21: A contact detail for the individual
B22: Patient | C22: gender | G22: Σ | H22: 1..* | I22: code | J22: male | female | other | unknown | K22: 71 | L22: ='Data Element Index'!$C$200 -> Gender code | M22: [1..1] (CD-CHAR(1)) | N22: http://hl7.org/fhir/ValueSet/administrative-gender
B23: Patient | J23: AdministrativeGender (Required)
B24: Patient | C24: birthDate | G24: Σ | H24: 0..1 | I24: date | J24: The date of birth for the individual | K24: 70 | L24: ='Data Element Index'!$C$199 -> Date of birth | M24: [1..1] (TS8)
B25: Patient | C25: deceased | G25: ?!Σ | H25: 0..1 | J25: Indicates if the individual is deceased or not
B26: Patient | D26: deceasedBoolean | I26: boolean | K26: 150 | L26: ='Data Element Index'!$C$346 -> Deceased | M26: BOOLEAN
B27: Patient | D27: deceasedDateTime | I27: dateTime | K27: 124 | L27: ='Data Element Index'!$C$306 -> Date of death | M27: [1..1] (TS8)
B28: Patient | C28: address | G28: Σ | H28: 0..* | I28: Address | J28: An address for the individual | K28: 125, 126, 127, 131, 158 | L28: County, State, Country, ZIP, Street Address | O28: county is populated in Address.district street address may be multiple Address.line
B29: Patient | C29: address | D29: line | G29: Σ | H29: 0..* | I29: string | J29: Street name, number, direction & P.O. Box etc. | K29: ='Data Element Index'!$A$352 -> 158 | L29: ='Data Element Index'!$C$352 -> Street Address
B30: Patient | C30: address | D30: city | G30: Σ | H30: 0..* | I30: string | J30: Name of city, town etc. | K30: ='Data Element Index'!$A$451 -> 192 | L30: ='Data Element Index'!$C$451 -> City
B31: Patient | C31: address | D31: district | G31: Σ | H31: 0..* | I31: string | J31: District name (aka county) | K31: ='Data Element Index'!$A$307 -> 125 | L31: ='Data Element Index'!$C$307 -> County | O31: county is populated in Address.district street address may be multiple Address.line
B32: Patient | C32: address | D32: state | G32: Σ | H32: 0..* | I32: string | J32: Sub-unit of country (abbreviations ok) | K32: ='Data Element Index'!$A$308 -> 126 | L32: ='Data Element Index'!$C$308 -> State
B33: Patient | C33: address | D33: postalCode | G33: Σ | H33: 0..* | I33: string | J33: US Zip Codes | K33: ='Data Element Index'!$A$313 -> 131 | L33: ='Data Element Index'!$C$313 -> ZIP Code
B34: Patient | C34: address | D34: country | G34: Σ | H34: 0..* | I34: string | J34: Country (e.g. can be ISO 3166 2 or 3 letter code) | K34: ='Data Element Index'!$A$309 -> 127 | L34: ='Data Element Index'!$C$309 -> Country
B35: Patient | C35: address | D35: period | G35: Σ | H35: 0..* | I35: period | J35: Time period when address was/is in use | K35: ='Data Element Index'!$A$452 -> 193 | L35: ='Data Element Index'!$C$452 -> Member Address Begin / End Dates
B36: Patient | C36: maritalStatus | J36: MaritalStatus (Extensible)
B37: Patient | C37: multipleBirth | H37: 0..1 | J37: Whether patient is part of a multiple birth
B38: Patient | C38: multipleBirth | D38: multipleBirthBoolean | I38: boolean
B39: Patient | C39: multipleBirth | D39: multipleBirthInteger | I39: integer
B40: Patient | C40: photo | H40: 0..* | I40: Attachment | J40: Image of the patient
B41: Patient | C41: contact | G41: I | H41: 0..* | I41: BackboneElement | J41: A contact party (e.g. guardian, partner, friend) for the patient
B42: Patient | C42: contact | J42: + Rule: SHALL at least contain a contact's details or a reference to an organization
B43: Patient | C43: contact | D43: relationship | H43: 0..* | I43: CodeableConcept | J43: The kind of relationship
B44: Patient | C44: contact | D44: relationship | J44: Patient Contact Relationship (Extensible)
B45: Patient | C45: contact | D45: name | H45: 0..1 | I45: HumanName | J45: A name associated with the contact person
B46: Patient | C46: contact | D46: telecom | H46: 0..* | I46: ContactPoint | J46: A contact detail for the person
B47: Patient | C47: contact | D47: address | H47: 0..1 | I47: Address | J47: Address for the contact person
B48: Patient | C48: contact | D48: gender | H48: 0..1 | I48: code | J48: male | female | other | unknown
B49: Patient | C49: contact | D49: gender | J49: AdministrativeGender (Required)
B50: Patient | C50: contact | D50: organization | G50: I | H50: 0..1 | I50: Reference(Organization) | J50: Organization that is associated with the contact
B51: Patient | C51: contact | D51: period | H51: 0..1 | I51: Period | J51: The period during which this contact person or organization is valid to be contacted relating to this patient
B52: Patient | C52: communication | H52: 0..* | I52: BackboneElement | J52: A language which may be used to communicate with the patient about his or her health
B53: Patient | C53: communication | D53: language | H53: 1..1 | I53: CodeableConcept | J53: The language which can be used to communicate with the patient about his or her health
B54: Patient | C54: communication | D54: language | J54: Common Languages (Preferred but limited to AllLanguages)
B55: Patient | C55: communication | D55: preferred | H55: 0..1 | I55: boolean | J55: Language preference indicator
B56: Patient | C56: generalPractitioner | H56: 0..* | I56: Reference(Organization| Practitioner | PractitionerRole) | J56: Patient's nominated primary care provider
B57: Patient | C57: managingOrganization | G57: Σ | H57: 0..1 | I57: Reference(Organization) | J57: Organization that is the custodian of the patient record
B58: Patient | C58: link | G58: ?!Σ | H58: 0..* | I58: BackboneElement | J58: Link to another patient resource that concerns the same actual person
B59: Patient | C59: link | D59: other--> | G59: Σ | H59: 1..1 | I59: Reference(Patient | RelatedPerson) | J59: The other patient or related person resource that the link refers to
B60: Patient | C60: link | G60: Σ | H60: 1..1 | I60: code | J60: replaced-by | replaces | refer | seealso
B61: Patient | C61: link | J61: LinkType (Required)
B62: Resource | C62: id | G62: Σ | H62: 0..1 | I62: id | J62: Logical id of this artifact
B63: Resource | C63: meta | D63: lastUpdated | H63: 0..1 | I63: instant | J63: When the resource version last changed | K63: ='Data Element Index'!$A$359 -> 163 | L63: ='Data Element Index'!$C$359 -> Member Demographics Last Updated Date | N63: meta.lastUpdated | O63: Payers SHALL provide the last time the data was updated or the date of creation in the payer’s system of record, whichever comes last. Apps will use the meta.lastUpdated value to determine if the Reference resources are as of the current date or date of service.
B64: Resource | C64: meta | D64: profile | H64: 0..1 | I64: canonical(StructureDefinition) | J64: Profiles this resource claims to conform to | K64: ='Data Element Index'!$A$447 -> 190 | L64: ='Data Element Index'!$C$447 -> Patient Profile
B65: Resource | C65: implicitRules | H65: 0..1 | I65: url | J65: A set of rules under which this content was created
B66: Resource | C66: language | G66: Σ | H66: 0..1 | I66: code | J66: Language of the resource content

Sheet Practitioner
A1: Slice | B1: L0 | C1: L1 | D1: L2 | E1: L3 | F1: L4 | G1: Flag | H1: Cardinality | I1: DataType / Value Set | J1: Description | K1: CPCDS MapID | L1: CPCDS Data Element Name | M1: Cardinality / DataType | N1: Value Set Comments | O1: Working Note
B2: Practitioner | G2: TU | I2: DomainResource | J2: A person with a formal responsibility in the provisioning of healthcare or related services
B3: Practitioner | J3: Elements defined in Ancestors: id, meta, implicitRules, language, text, contained, extension, modifierExtension
B4: Practitioner | C4: identifier | G4: Σ | H4: 1..1 | I4: Identifier | J4: An identifier for the person as this agent
A5: NPI | B5: Practitioner | C5: identifier | G5: Σ | H5: 1..1 | I5: Identifier | J5: An identifier for the person as this agent | K5: 93, 94, 95, 99, 100, 122, 173 | L5: Provider NPI | M5: [1..1] CHAR(10) | N5: Either the NPI or a Tax ID must be provided | O5: system = http://hl7.org/fhir/sid/us-npi
A6: Tax | B6: Practitioner | C6: identifier | G6: Σ | H6: 1..1 | I6: Identifier | J6: An identifier for the person as this agent | K6: 93, 94, 95, 99, 100, 122, 173 | L6: Provider NPI | M6: [1..1] CHAR(10) | N6: Either the NPI or a Tax ID must be provided
B7: Practitioner | C7: identifier | D7: type | H7: 1..* | I7: CodeableConcept | J7: Description of identifier | K7: ='Data Element Index'!$A$429 -> 185 | L7: ='Data Element Index'!$C$429 -> Practitioner Identifier Type | M7: [1..1] | N7: values = npi and those in code system Identfiertype
B8: Practitioner | C8: identifier | D8: type | J8: IdentifierType (Extensible) | K8: ='Data Element Index'!$A$429 -> 185 | L8: ='Data Element Index'!$C$429 -> Practitioner Identifier Type
B9: Practitioner | C9: active | G9: Σ | H9: 0..1 | I9: boolean | J9: Whether this practitioner's record is in active use
B10: Practitioner | C10: name | G10: Σ | H10: 1..1 | I10: HumanName | J10: The name(s) associated with the practitioner | K10: 166, 167, 168, 169, 171, 172, 174 | L10: Provider Name
B11: Practitioner | C11: telecom | G11: Σ | H11: 0..* | I11: ContactPoint | J11: A contact detail for the practitioner (that apply to all roles)
B12: Practitioner | C12: address | G12: Σ | H12: 0..* | I12: Address | J12: Address(es) of the practitioner that are not role specific (typically home address)
B13: Practitioner | C13: gender | G13: Σ | H13: 0..1 | I13: code | J13: male | female | other | unknown
B14: Practitioner | C14: gender | J14: AdministrativeGender (Required)
B15: Practitioner | C15: birthDate | G15: Σ | H15: 0..1 | I15: date | J15: The date on which the practitioner was born
B16: Practitioner | C16: photo | H16: 0..* | I16: Attachment | J16: Image of the person
B17: Practitioner | C17: qualifications | H17: 0..* | I17: BackboneElement | J17: Certification, licenses, or training pertaining to the provision of care
B18: Practitioner | C18: qualifications | D18: identifier | H18: 0..* | I18: Identifier | J18: An identifier for this qualification for the practitioner
B19: Practitioner | C19: qualifications | D19: code | H19: 1..1 | I19: CodeableConcept | J19: Coded representation of the qualification
B20: Practitioner | C20: qualifications | D20: code | J20: v2 table 0360, Version 2.7 (Example)
B21: Practitioner | C21: qualifications | D21: period | H21: 0..1 | I21: Period | J21: Period during which the qualification is valid
B22: Practitioner | C22: qualifications | D22: issuer--> | H22: 0..1 | I22: Reference(Organization) | J22: Organization that regulates and issues the qualification
B23: Practitioner | C23: communication | H23: 0..* | I23: CodeableConcept | J23: A language the practitioner can use in patient communication
B24: Practitioner | C24: communication | J24: Common Languages (Preferred but limited to AllLanguages)
B25: Resource | C25: id | G25: Σ | H25: 0..1 | I25: id | J25: Logical id of this artifact
B26: Resource | C26: meta | D26: lastUpdated | H26: 0..1 | I26: instant | J26: When the resource version last changed | K26: ='Data Element Index'!$A$360 -> 163 | L26: ='Data Element Index'!$C$360 -> Practitioner Demographics Last Updated Date | N26: meta.lastUpdated | O26: Payers SHALL provide the last time the data was updated or the date of creation in the payer’s system of record, whichever comes last. Apps will use the meta.lastUpdated value to determine if the Reference resources are as of the current date or date of service.
B27: Resource | C27: meta | D27: profile | H27: 0..1 | I27: canonical(StructureDefinition) | J27: Profiles this resource claims to conform to | K27: ='Data Element Index'!$A$448 -> 190 | L27: ='Data Element Index'!$C$448 -> Practitioner Profile
B28: Resource | C28: implicitRules | H28: 0..1 | I28: url | J28: A set of rules under which this content was created
B29: Resource | C29: language | G29: Σ | H29: 0..1 | I29: code | J29: Language of the resource content

Sheet Organization
A1: Slice | B1: L0 | C1: L1 | D1: L2 | E1: L3 | F1: L4 | G1: Flag | H1: Cardinality | I1: DataType / Value Set | J1: Description | K1: CPCDS MapID | L1: CPCDS Data Element Name | M1: Cardinality / DataType | N1: Value Set Comments | O1: Working Note
B2: Organization | G2: ITU | I2: DomainResource | J2: A grouping of people or organizations with a common purpose
B3: Organization | J3: + Rule: The organization SHALL at least have a name or an identifier, and possibly more than one
B4: Organization | J4: Elements defined in Ancestors: id, meta, implicitRules, language, text, contained, extension, modifierExtension
B5: Organization | C5: identifier | G5: ΣI | H5: 0..* | I5: Identifier | J5: Identifies this organization across multiple systems | K5: New | L5: Organization's NPI | M5: [1..1] CHAR(9)
B6: Organization | C6: identifier | G6: ΣI | H6: 0..* | I6: Identifier | J6: Identifies this organization across multiple systems | L6: ='Data Element Index'!$C$243 -> Service Facility NPI | M6: [1..1] CHAR(9) | O6: Value is conditional depending on the Referring Resource. Service Facility NPI will be populated with the value 'NPI has not been assigned' if an NPI has not been assigned to the Service Location Organization
B7: Organization | C7: identifier | G7: ΣI | H7: 0..* | I7: Identifier | J7: Identifies this organization across multiple systems | K7: 2 | L7: ='Data Element Index'!$C$8 -> Payer Identifier | M7: [1..1] CHAR(3)
B8: Organization | C8: identifier | D8: type | H8: 1..* | I8: CodeableConcept | J8: Description of identifier | K8: ='Data Element Index'!$A$430 -> 186 | L8: ='Data Element Index'!$C$430 -> Organization Identifier Type | M8: [1..1] | N8: values = npi, payerid and naiccode and those in code system Identfiertype
B9: Organization | C9: identifier | D9: type | J9: IdentifierType (Extensible) | K9: ='Data Element Index'!$A$430 -> 186 | L9: ='Data Element Index'!$C$430 -> Organization Identifier Type
B10: Organization | C10: active | G10: ?!Σ | H10: 0..1 | I10: boolean | J10: Whether the organization's record is still in active use | N10: value = true
B11: Organization | C11: type | G11: Σ | H11: 0..* | I11: CodeableConcept | J11: Kind of organization
B12: Organization | C12: type | J12: Organization type (Example)
B13: Organization | C13: name | G13: ΣI | H13: 0..1 | I13: string | J13: Name used for the organization | K13: 167 | L13: ='Data Element Index'!$C$369 -> Claim billing provider name | O13: Value is conditional depending on the Referring Resource
B14: Organization | C14: name | G14: ΣI | H14: 0..1 | I14: string | J14: Name used for the organization | K14: 170 | L14: ='Data Element Index'!$C$380 -> Service Facility Name
B15: Organization | C15: name | G15: ΣI | H15: 0..1 | I15: string | J15: Name used for the organization | K15: 175 | L15: ='Data Element Index'!$C$391 -> Claim payer Name
B16: Organization | C16: name | G16: ΣI | H16: 0..1 | I16: string | J16: Name used for the organization | K16: ='Data Element Index'!$A$299 -> 121 | L16: ='Data Element Index'!$C$299 -> Claim payee
B17: Organization | C17: alias | H17: 0..* | I17: string | J17: A list of alternate names that the organization is known as, or was known as in the past
B18: Organization | C18: telecom | G18: I | H18: 0..* | I18: ContactPoint | J18: A contact detail for the organization
B19: Organization | C19: telecom | J19: + Rule: The telecom of an organization can never be of use 'home'
B20: Organization | C20: address | G20: I | H20: 0..* | I20: Address | J20: An address for the organization | M20: [1..1] CHAR(5)
B21: Organization | C21: address | G21: I | H21: 0..* | I21: Address | J21: An address for the organization | K21: 176 | L21: ='Data Element Index'!$C$401 -> Service Facility Address | O21: Enter address of the location where the services were rendered. If the location is a component of the Billing Provider,then this data element will not be populated.
B22: Organization | C22: address | J22: + Rule: An address of an organization can never be of use 'home'
B23: Organization | C23: part of--> | G23: Σ | H23: 0..1 | I23: Reference(Organization) | J23: The organization of which this organization forms a part
B24: Organization | C24: contact | H24: 0..* | I24: BackboneElement | J24: Contact for the organization for a certain purpose
B25: Organization | C25: contact | D25: purpose | H25: 0..1 | I25: CodeableConcept | J25: The type of contact
B26: Organization | C26: contact | D26: purpose | J26: Contact entity type (Extensible)
B27: Organization | C27: contact | D27: name | H27: 0..1 | I27: HumanName | J27: A name associated with the contact
B28: Organization | C28: contact | D28: telecom | H28: 0..* | I28: ContactPoint | J28: Contact details (telephone, email, etc.) for a contact
B29: Organization | C29: contact | D29: address | H29: 0..1 | I29: Address | J29: Visiting or postal addresses for the contact
B30: Organization | C30: endpoint--> | H30: 0..* | I30: Reference(Endpoint) | J30: Technical endpoints providing access to services operated for the organization
B31: Resource | C31: id | G31: Σ | H31: 0..1 | I31: id | J31: Logical id of this artifact
B32: Resource | C32: meta | D32: lastUpdated | H32: 0..1 | I32: instant | J32: When the resource version last changed | K32: ='Data Element Index'!$A$361 -> 163 | L32: ='Data Element Index'!$C$361 -> Organization's Demographics Last Updated Date | N32: meta.lastUpdated | O32: Payers SHALL provide the last time the data was updated or the date of creation in the payer’s system of record, whichever comes last. Apps will use the meta.lastUpdated value to determine if the Reference resources are as of the current date or date of service.
B33: Resource | C33: meta | D33: profile | H33: 0..1 | I33: canonical(StructureDefinition) | J33: Profiles this resource claims to conform to | K33: ='Data Element Index'!$A$449 -> 190 | L33: ='Data Element Index'!$C$449 -> Organization Profile
B34: Resource | C34: implicitRules | H34: 0..1 | I34: url | J34: A set of rules under which this content was created
B35: Resource | C35: language | G35: Σ | H35: 0..1 | I35: code | J35: Language of the resource content
